 Dungeon Crawl Stone Soup version 0.31.0 (webtiles) character file.

Game seed: 18169846118453435844

360653 qw the Crack Shot (level 22, -7/156 HPs)
             Began as a Gargoyle Hunter on Jan 19, 2024.
             Was a High Priest of Okawaru.
             Hit by a large rock thrown by a stone giant (11 damage)
             ... on level 2 of the Depths on Jan 20, 2024.
             The game lasted 00:09:07 (41485 turns).

qw the Crack Shot (Gargoyle Hunter)                Turns: 41485, Time: 00:09:08

Health: -7/156     AC: 40    Str: 16    XL:     22   Next: 43%
Magic:  29/29      EV: 30    Int: 12    God:    Okawaru [*****.]
Gold:   1994       SH:  0    Dex: 33    Spells: 21/21 levels left

rFire   . . .        H - +8 hand cannon (heavy)
rCold   + . .        (no shield)
rNeg    + . .        w - +3 ring mail {rC+}
rPois   inf          z - +2 hat {SInv}
rElec   +            i - +2 cloak
rCorr   .            p - +2 pair of gloves "Nanecasi" {Slay+3}
SInv    +            s - +2 pair of boots {Fly}
Will    +....        k - amulet of faith
Stlth   ++           E - +6 ring of dexterity
HPRegen 0.46/turn    t - +6 ring of dexterity
MPRegen 0.21/turn

%: faith
@: about to teleport, flying
A: sickness immunity, AC +16, big wings, negative energy resistance 1,
electricity resistance, torment resistance 1, petrification resistance
}: 2/15 runes: serpentine, barnacled
a: Renounce Religion, Heroism, Finesse, Duel


You were on level 2 of the Depths.
You worshipped Okawaru.
Okawaru was extremely pleased with you.
You visited 8 branches of the dungeon, and saw 37 of its levels.
You visited 1 bazaar.
You also visited: Sewer.

You collected 5895 gold pieces.
You spent 3901 gold pieces at shops.


Innate Abilities, Weirdness & Mutations

You are immune to sickness and miasma.
Your stone body is resilient. (AC +16)
You are immune to poison.
Your large and strong wings let you fly.
You resist negative energy. (rN+)
You are resistant to electric shocks. (rElec)
You are resistant to unholy torment.
You are immune to petrification.


   Skills:
 - Level 22.0 Fighting
 - Level 24.0 Ranged Weapons
 - Level 14.0 Armour
 + Level 16.9 Dodging
 - Level 1.1 Stealth
 - Level 10.0 Invocations


You had 21 spell levels left.
You didn't know any spells.
Your spell library was empty.

Inventory:

Hand Weapons
 H - a +8 heavy hand cannon (weapon)
Armour
 g - a +3 ring mail of fire resistance
 i - a +2 cloak (worn)
 o - the +3 salamander hide armour {Flames, rFlCloud rF++ rC--}
   (You found it on level 1 of the Depths)

   Flames:    It surrounds you with flame clouds and enhances your fire magic.
   rFlCloud:  It grants immunity to flame clouds.
   rF++:      It greatly protects you from fire.
   rC--:      It makes you very vulnerable to cold.
 p - the +2 pair of gloves "Nanecasi" (worn) {Slay+3}
   (You found it on level 14 of the Dungeon)

   Slay+3:    It affects your accuracy & damage with ranged weapons and melee
   (+3).
 s - a +2 pair of boots of flying (worn)
 w - a +3 ring mail of cold resistance (worn)
 z - a +2 hat of see invisible (worn)
 D - the +0 ring mail of Ysunledo {Regen+ Str+4 Int-2}
   (You bought it in a shop on level 2 of the Orcish Mines)

   Str+4:     It affects your strength (+4).
   Int-2:     It affects your intelligence (-2).
   Regen+:    It increases your rate of health regeneration.
Jewellery
 a - an amulet of reflection
 f - the ring "Lahimmeo" {Fire rN+}
   (You took it off a vault sentinel on level 3 of the Vaults)

   [ring of fire]

   Fire:      It enhances your fire magic.
   rF+:       It protects you from fire.
   rC-:       It makes you vulnerable to cold.
   rN+:       It protects you from negative energy.
 k - an amulet of faith (around neck)
 t - a +6 ring of dexterity (right hand)
 E - a +6 ring of dexterity (left hand)
Wands
 j - a wand of polymorph (23)
 n - a wand of digging (14)
 q - a wand of charming (10)
 r - a wand of roots (34)
Scrolls
 b - 10 scrolls of teleportation
 d - 14 scrolls of identify
 A - 4 scrolls of enchant armour
 C - 2 scrolls of brand weapon
Potions
 c - 9 potions of mutation
 e - 9 potions of curing
 l - 2 potions of magic
 m - 2 potions of enlightenment
 u - a potion of resistance
 v - 9 potions of haste
 B - a potion of cancellation
 G - 5 potions of might

Dungeon Overview and Level Annotations

Branches:
Dungeon (15/15)            Temple (1/1) D:7            Lair (5/5) D:11
 Shoals (4/4) Lair:3        Snake (4/4) Lair:3        Slime (0/5) Lair:4
    Orc (2/2) D:11            Elf (0/3) Orc:2        Vaults (4/5) D:13
  Crypt (0/3) Vaults:3     Depths (2/4) D:15          Sewer (visited)

Altars:
Ashenzari
Cheibriados
Dithmenos
Elyvilon
Fedhas
Gozag
Hepliaklqana
Kikubaaqudgha
Makhleb
Nemelex Xobeh
Okawaru
Qazlal
Ru
Sif Muna
Trog
Uskayaw
Vehumet
Wu Jian
Xom
Yredelemnul
Zin
The Shining One

Shops:
D:8 =   D:15 ?   Orc:1 *   Orc:2 *[(=   Snake:1 (   Snake:4 [   Vaults:1 :
Vaults:4 [((

Portals:
Hell: Depths:1 Depths:2
Pandemonium: Depths:1 Depths:2
Ziggurat: Depths:2
Trove: D:14 (give horn of Geryon)

Annotations:
D:6 3 runed translucent doors, qw's ghost, novice GrHu


Message History

You feel strangely unstable.
You are engulfed in freezing vapours.
You resist.
You dip into the water, and the flames go out!
The spark wasp completely misses you.
The walking earthen tome erupts in a flurry of living spells!
The spark wasp closely misses you. The water elemental misses you.
41483 ||| DRINKING 2 potions of heal wounds.
You feel much better.
You are engulfed in freezing vapours.
You resist. The spark wasp completely misses you.
The walking earthen tome erupts in a flurry of living spells!
The stone giant throws a large rock.
The large rock hits you!
The living spell is engulfed in freezing vapours.
The living spell is destroyed!
The living spell casts itself at you.
You barely resist. The water elemental barely misses you.
41484 ||| DRINKING potion of heal wounds.
You feel much better. The spark wasp stings you! The spark wasp shocks you.
You resist.
The walking earthen tome completely misses you.
The stone giant throws a large rock.
The large rock hits you!! The spark wasp closely misses you.
The water elemental closely misses you.
41485 ||| RETREEEEATING.
You shoot a bolt. The bolt hits the living spell!!!!
You destroy the living spell!
The lich gestures at you while chanting.
The bolt of cold hits you! You resist.
The spark wasp stings you but does no damage.
The walking earthen tome closely misses you.
The stone giant throws a large rock.
The large rock completely misses you.
The large rock hits the water elemental!
The spark wasp stings you but does no damage.
The living spell casts itself at you.
You barely resist.
The water elemental completely misses you.
The lich casts a spell.
The lich flickers and vanishes for a moment.
The water elemental completely misses you.
The walking earthen tome erupts in a flurry of living spells!
The stone giant throws a large rock.
The large rock hits you!
You die...

##..~~~~~..
##..~~~~~~~.
#..~~~~~~~~~
#.~~~~:$$~~~
#.~~~$.*./~~
#.~~~*/8$$~~
#.~Ey;C$."~~
#.00@0L*$~~~
#..E~~~~~~~~
##..~~~~~~~.
##..~~~~~..
##........
#########


You could see a walking earthen tome, a stone giant, a lich (fast, invisible), a
spark wasp, 2 water elementals and 3 living spells.

Vanquished Creatures
  Boris (Depths:2)
  Saint Roka (Vaults:3)
  Vashnia (Snake:4)
  Nikola (Depths:2)
  A lich (Vaults:1)
  An ancient champion (Depths:2)
  3 sphinxes (Vaults:3)
  Gastronok (Lair:3)
  Aizul (Snake:3)
  A storm dragon (Vaults:3)
  A shadow dragon (Depths:2)
  2 nagarajas
  2 fire giants
  A balrug (Depths:2)
  An iron dragon (Vaults:3)
  10 vault wardens
  Louise (D:15)
  A reaper (Depths:2)
  26 ironbound preservers
  7 stone giants
  3 orc warlords
  A formless jellyfish (Shoals:3)
  5 very ugly things
  6 vampire knights (Depths:1)
  9 ironbound thunderhulks
  A war gargoyle (Vaults:1)
  A deep elf annihilator (Vaults:3)
  A dire elephant (Vaults:3)
  A crystal guardian (Vaults:1)
  A fire dragon (Depths:1)
  An ettin (Depths:2)
  A jiangshi (Vaults:3)
  Josephine (D:12)
  2 merfolk javelineers
  6 merfolk impalers
  3 ice dragons
  3 rakshasas
  7 great orbs of eyes
  11 yaktaur captains
  A peacekeeper (Vaults:1)
  3 spriggan air magi
  A hell beast (Depths:2)
  4 merfolk aquamancers
  10 hydras
  12 ironbound frosthearts
  7 salamander tyrants
  5 vault guards
  8 anacondas
  An alligator snapping turtle (Shoals:4)
  2 merfolk avatars
  8 death yaks
  2 dancing weapons (D:13)
  7 boulder beetles
  A two-headed ogre (shapeshifter) (Vaults:3)
  3 deep troll shamans (Depths:1)
  14 centaur warriors
  2 satyrs
  A spriggan berserker (Depths:1)
  3 vampire magi
  5 tengu warriors
  23 naga warriors
  3 two-headed ogres
  A hell hog (Lair:5)
  8 naga sharpshooters
  13 shock serpents
  5 orc high priests
  2 spriggans (Depths:1)
  2 deep troll earth magi (Depths:1)
  Amaemon (Lair:3)
  Sonja (Lair:2)
  Nergalle (Lair:3)
  6 iron trolls
  8 salamander mystics
  5 skysharks
  A fire crab (Lair:5)
  A storm dragon skeleton (Depths:1)
  10 sea snakes
  A spectral anaconda (Snake:2)
  13 mana vipers
  77 deep trolls
  9 naga ritualists
  A glowing orange brain (Depths:2)
  2 flayed ghosts (Depths:1)
  7 orc knights
  4 arcanists
  3 deep elf pyromancers
  2 necromancers (Depths:1)
  An anaconda skeleton (Snake:2)
  Pikel (D:7)
  27 harpies
  A phantasmal warrior (Vaults:3)
  20 ironbound convokers
  14 lindwurms
  An oklob plant (Lair:4)
  4 fauns
  A fire giant zombie (Depths:1)
  50 ugly things
  7 manticores
  7 orc sorcerers
  4 meliai
  6 cyclopes
  19 salamanders
  A kobold blastminer (Orc:2)
  17 elephants
  11 guardian serpents
  A guardian serpent (shapeshifter) (D:15)
  18 naga magi
  41 black mambas
  7 merfolk sirens
  4 gargoyles
  A smoke demon (Depths:2)
  13 vault sentinels
  A water nymph (Shoals:3)
  13 cane toads
  A spectral sea snake (Snake:2)
  2 spriggan zombies (Depths:1)
  An orange demon (Lair:3)
  3 rime drakes
  A kobold demonologist (D:10)
  30 yaktaurs
  An unseen horror (D:10)
  A tengu conjurer (Depths:1)
  7 komodo dragons
  3 anaconda simulacra (Snake:2)
  2 freezing wraiths
  A troll (shapeshifter) (D:15)
  3 spectral nagas (Snake:2)
  2 trolls
  37 merfolk
  6 wind drakes
  11 polar bears
  6 hornets
  A wolf spider simulacrum (D:14)
  Prince Ribbit (D:7)
  2 raiju (Lair:5)
  23 blink frogs
  2 spectral guardian serpents (Snake:2)
  A fire giant simulacrum (Depths:1)
  2 dream sheep (Shoals:2)
  12 snapping turtles
  22 slime creatures
  A centaur simulacrum (D:14)
  2 shadows (D:12)
  A spriggan skeleton (Depths:1)
  2 wyverns
  5 water elementals
  2 vampires
  7 wraiths
  68 yaks
  5 basilisks
  7 wargs
  4 vampire mosquitoes
  Menkaure (D:4)
  46 nagas
  4 sea snake simulacra (Snake:2)
  10 water moccasins
  3 acid dragons
  2 naga skeletons (Snake:2)
  15 hell hounds (Lair:5)
  Pargi (Sewer)
  A guardian serpent simulacrum (Snake:2)
  12 black bears
  26 orc warriors
  2 ice beasts
  3 sky beasts (D:8)
  37 wolves
  3 laughing skulls
  4 ogres
  15 centaurs
  2 lemures (D:7)
  2 kobold brigands
  2 gnoll sergeants
  A brain worm (Sewer)
  18 bullfrogs
  2 scorpions
  4 wights
  2 elf skeletons (D:4)
  Dowan (D:7)
  2 killer bees (D:8)
  5 electric eels
  4 howler monkeys
  2 bombardier beetles
  2 gnoll boudas
  16 jellies
  3 hounds
  A human zombie (D:4)
  A sleepcap (D:5)
  19 orc priests
  3 human skeletons (D:4)
  Terence (D:3)
  4 iguanas
  15 orc wizards
  A boggart simulacrum (D:15)
  10 adders
  12 gnolls
  2 naga simulacra (Snake:2)
  6 white imps
  4 dart slugs
  6 ribbon worms
  65 orcs
  8 ball pythons
  9 bats
  5 endoplasms
  5 giant cockroaches
  6 goblins
  9 hobgoblins
  8 jackals
  12 kobolds
  3 quokkas
  5 frilled lizards
  3 rats
1493 creatures vanquished.

Vanquished Creatures (others)
  A deep troll earth mage (Depths:2)
  A merfolk (Shoals:4)
2 creatures vanquished.

Grand Total: 1495 creatures vanquished

Notes
Turn   | Place    | Note
-------+----------+-------------------------------------------
     0 | D:1      | qw the Gargoyle Hunter began the quest for the Orb.
     0 | D:1      | Reached XP level 1. HP: 12/12 MP: 1/1
     0 | D:1      | 0 ||| qw: Version: 0.3-a-132-g3d54051
     0 | D:1      | 0 ||| qw: Game counter: 421
     0 | D:1      | 0 ||| qw: Melee chars always use a shield: true
     0 | D:1      | 0 ||| qw: God list: Okawaru
     0 | D:1      | 0 ||| qw: Allow faded altars: false
     0 | D:1      | 0 ||| qw: Do Orc after clearing Dungeon:15 true
     0 | D:1      | 0 ||| qw: Do second Lair branch before Depths: true
     0 | D:1      | 0 ||| qw: Lair rune preference: random
     0 | D:1      | 0 ||| qw: Goals: Normal
     0 | D:1      | 0 ||| PLANNING D:1-11
   666 | D:1      | 666 ||| UPGRADING to +0 cloak.
   683 | D:1      | Reached XP level 2. HP: 17/17 MP: 2/2
   833 | D:1      | 833 ||| DROPPING ring of wizardry.
   834 | D:1      | 834 ||| UPGRADING to ring of see invisible.
   835 | D:1      | 835 ||| READING scroll labelled OLUETHR HONOJI.
   835 | D:1      | 835 ||| BRANDING +0 shortbow.
   836 | D:1      | 836 ||| READING scroll labelled KIMEHASAAS.
   837 | D:1      | 837 ||| READING scroll labelled DOOLALOWAPS.
   838 | D:1      | 838 ||| READING scroll labelled QIBIUT TAMUT.
   838 | D:1      | 838 ||| ENCHANTING +0 shortbow of freezing.
   839 | D:1      | 839 ||| READING scroll labelled RYLUSH WOUPP.
   840 | D:1      | 840 ||| DRINKING 2 yellow potions.
   841 | D:1      | 841 ||| DRINKING 2 fuming coppery potions.
   842 | D:1      | 842 ||| DRINKING 2 blue potions.
   843 | D:1      | 843 ||| DROPPING scroll of butterflies.
   844 | D:1      | 844 ||| DROPPING potion of magic.
  1166 | D:2      | Reached skill level 5 in Ranged Weapons
  1166 | D:2      | Reached XP level 3. HP: 21/21 MP: 3/3
  1435 | D:2      | 1435 ||| UPGRADING to +0 ring mail.
  1445 | D:2      | 1445 ||| DROPPING +0 leather armour.
  1446 | D:2      | 1446 ||| READING 2 scrolls labelled HUEHIST KAYGG.
  1446 | D:2      | 1446 ||| IDENTIFYING dark potion
  1447 | D:2      | 1447 ||| READING scroll of identify.
  1447 | D:2      | 1447 ||| IDENTIFYING fuming red potion
  1448 | D:2      | 1448 ||| READING scroll labelled SILIBIA SOTECK.
  1449 | D:2      | 1449 ||| READING 3 scrolls labelled MOT QAROLUELUXT.
  1450 | D:2      | 1450 ||| READING scroll labelled BATHRI EMIEXT.
  1455 | D:2      | 1455 ||| DROPPING potion of degeneration.
  1456 | D:2      | 1456 ||| DROPPING 2 scrolls of summoning.
  1532 | D:3      | Reached skill level 1 in Armour
  1533 | D:3      | 1533 ||| FLEEEEING.
  1565 | D:3      | Noticed Terence
  1574 | D:3      | Killed Terence
  1575 | D:3      | Reached skill level 3 in Fighting
  1575 | D:3      | Reached XP level 4. HP: 8/28 MP: 4/4
  1734 | D:3      | 1734 ||| READING scroll of enchant weapon.
  1734 | D:3      | 1734 ||| ENCHANTING +1 shortbow of freezing.
  1934 | D:3      | Reached XP level 5. HP: 27/32 MP: 5/5
  1938 | D:3      | 1938 ||| FLEEEEING.
  2085 | D:3      | Reached skill level 6 in Ranged Weapons
  2094 | D:3      | 2094 ||| READING scroll of enchant weapon.
  2094 | D:3      | 2094 ||| ENCHANTING +2 shortbow of freezing.
  2207 | D:3      | 2207 ||| READING scroll labelled YZITEPI XOUD.
  2239 | D:4      | Found a glowing drain.
  2240 | D:4      | 2240 ||| PLANNING SEWER
  2240 | D:4      | 2240 ||| STAIRDANCE
  2246 | D:4      | 2246 ||| STAIRDANCE
  2254 | D:4      | 2254 ||| STAIRDANCE
  2264 | D:4      | 2264 ||| STAIRDANCE
  2284 | Sewer    | Entered a sewer
  2324 | Sewer    | Reached XP level 6. HP: 38/38 MP: 6/6
  2426 | Sewer    | Noticed Pargi
  2440 | Sewer    | Killed Pargi
  2441 | Sewer    | Reached skill level 7 in Ranged Weapons
  2510 | Sewer    | Reached XP level 7. HP: 39/43 MP: 7/7
  2561 | Sewer    | 2561 ||| READING scroll labelled FUECVYTIGH.
  2577 | D:4      | 2577 ||| PLANNING OSSUARY
  2655 | D:4      | Reached skill level 8 in Ranged Weapons
  2867 | D:4      | 2867 ||| RIP OSSUARY
  2902 | D:4      | 2902 ||| PLANNING D:1-11
  3044 | D:4      | Found a sparkling altar of Nemelex Xobeh.
  3053 | D:4      | Found a glowing silver altar of Zin.
  3150 | D:4      | Noticed Menkaure
  3156 | D:4      | Killed Menkaure
  3157 | D:4      | Reached XP level 8. HP: 40/49 MP: 8/8
  3162 | D:4      | 3162 ||| FLEEEEING.
  3165 | D:4      | 3165 ||| FLEEEEING.
  3166 | D:4      | 3166 ||| FLEEEEING.
  3167 | D:4      | 3167 ||| FLEEEEING.
  3168 | D:4      | 3168 ||| FLEEEEING.
  3169 | D:4      | 3169 ||| FLEEEEING.
  3170 | D:4      | 3170 ||| FLEEEEING.
  3171 | D:4      | 3171 ||| FLEEEEING.
  3583 | D:4      | 3583 ||| UPGRADING to amulet of faith.
  3603 | D:5      | Entered Level 5 of the Dungeon
  3661 | D:5      | Reached skill level 9 in Ranged Weapons
  3748 | D:5      | 3748 ||| FLEEEEING.
  4086 | D:5      | Reached skill level 6 in Fighting
  4193 | D:5      | Identified the +8 war axe "Lubace" {venom, rElec rPois
                  | Str+4}
  4195 | D:5      | 4195 ||| UPGRADING to ring of resist corrosion.
  4196 | D:5      | 4196 ||| READING scroll of identify.
  4196 | D:5      | 4196 ||| IDENTIFYING sedimented amethyst potion
  4197 | D:5      | 4197 ||| READING scroll labelled QORI MESOURUCKOA.
  4197 | D:5      | 4197 ||| ENCHANTING +0 cloak.
  4215 | D:6      | 4215 ||| STAIRDANCE
  4221 | D:6      | 4221 ||| STAIRDANCE
  4242 | D:6      | 4242 ||| STAIRDANCE
  4251 | D:5      | 4251 ||| ZAPPING wand of light (20) at 0,-1 (black bear;
                  | floor).
  4275 | D:6      | Found a runed translucent gate.
  4275 | D:6      | Found a runed translucent gate.
  4275 | D:6      | Found a runed translucent gate.
  4366 | D:6      | Reached skill level 10 in Ranged Weapons
  4366 | D:6      | Reached XP level 9. HP: 45/55 MP: 9/9
  4366 | D:6      | 4366 ||| FLEEEEING.
  4538 | D:6      | 4538 ||| FLEEEEING.
  4858 | D:6      | Noticed qw's ghost (novice GrHu)
  4930 | D:6      | Identified the +6 orcbow "Goblinbane" {heavy, rN+}
  4932 | D:6      | 4932 ||| SWAPPING to +6 orcbow "Goblinbane" {heavy, rN+}.
  4933 | D:6      | 4933 ||| DROPPING +3 shortbow of freezing.
  5299 | D:7      | Noticed Prince Ribbit
  5305 | D:7      | 5305 ||| RETREEEEATING.
  5306 | D:7      | 5306 ||| RETREEEEATING.
  5306 | D:7      | HP: 14/57 [ogre/+0 giant club (14)]
  5307 | D:7      | 5307 ||| READING 3 scrolls of teleportation.
  5308 | D:7      | 5308 ||| RETREEEEATING.
  5309 | D:7      | 5309 ||| RETREEEEATING.
  5646 | D:7      | Noticed Dowan
  5648 | D:7      | Killed Dowan
  5678 | D:7      | Noticed Pikel
  5680 | D:7      | 5680 ||| RETREEEEATING.
  5681 | D:7      | 5681 ||| FLEEEEING.
  5682 | D:7      | 5682 ||| READING 2 scrolls of teleportation.
  5683 | D:7      | 5683 ||| FLEEEEING.
  5684 | D:7      | 5684 ||| FLEEEEING.
  5685 | D:7      | 5685 ||| FLEEEEING.
  5686 | D:7      | 5686 ||| FLEEEEING to unexplored (badform).
  5687 | D:7      | 5687 ||| READING scroll of teleportation.
  5688 | D:7      | 5688 ||| FLEEEEING to unexplored (badform).
  5689 | D:7      | 5689 ||| FLEEEEING to unexplored (badform).
  5856 | D:7      | 5856 ||| FLEEEEING.
  5913 | D:7      | Found a staircase to the Ecumenical Temple.
  5914 | D:7      | 5914 ||| PLANNING TEMPLE
  5914 | D:7      | 5914 ||| DROPPING amulet of magic regeneration.
  5915 | D:7      | 5915 ||| DROPPING +6 ring of intelligence.
  5916 | D:7      | 5916 ||| READING scroll labelled DEKAPP AJAO.
  5940 | D:7      | 5940 ||| FLEEEEING.
  5943 | D:7      | Killed Prince Ribbit
  5953 | Temple   | Entered the Ecumenical Temple
  5954 | Temple   | 5954 ||| PLANNING OKAWARU WORSHIP
  5958 | Temple   | Became a worshipper of Warmaster Okawaru
  5959 | Temple   | 5959 ||| PLANNING D:1-11
  5994 | D:7      | Noticed a hornet
  5995 | D:7      | 5995 ||| DRINKING potion of haste.
  5999 | D:7      | Killed a hornet
  6000 | D:7      | Reached skill level 11 in Ranged Weapons
  6022 | D:7      | Killed Pikel
  6022 | D:7      | Reached * piety under Okawaru
  6221 | D:7      | Reached skill level 1 in Invocations
  6255 | D:7      | 6255 ||| FLEEEEING.
  6540 | D:7      | 6540 ||| READING scroll of identify.
  6540 | D:7      | 6540 ||| IDENTIFYING fuming ruby potion
  6541 | D:7      | 6541 ||| DROPPING potion of attraction.
  6599 | D:8      | Reached ** piety under Okawaru
  6600 | D:8      | Reached skill level 3 in Armour
  6611 | D:8      | Reached XP level 10. HP: 26/63 MP: 11/11
  6612 | D:8      | 6612 ||| FLEEEEING.
  6760 | D:8      | Found Enodem's Jewellery Emporium.
  6831 | D:8      | Found a flagged portal.
  6846 | D:8      | 6846 ||| FLEEEEING.
  6978 | D:8      | 6978 ||| RETREEEEATING.
  6983 | D:8      | Reached skill level 3 in Invocations
  7059 | D:8      | Found a blossoming altar of Fedhas.
  7197 | D:8      | Noticed a two-headed ogre
  7198 | D:8      | 7198 ||| RETREEEEATING.
  7199 | D:8      | 7199 ||| RETREEEEATING.
  7200 | D:8      | 7200 ||| ZAPPING wand of light (19) at 2,1 (two-headed
                  | ogre; floor).
  7201 | D:8      | 7201 ||| ZAPPING wand of light (18) at 2,0 (two-headed
                  | ogre; floor).
  7202 | D:8      | 7202 ||| ZAPPING wand of light (17) at 2,0 (two-headed
                  | ogre; floor).
  7203 | D:8      | 7203 ||| ZAPPING wand of light (16) at 2,0 (two-headed
                  | ogre; floor).
  7203 | D:8      | Killed a two-headed ogre
  7206 | D:8      | 7206 ||| FLEEEEING.
  7300 | D:8      | 7300 ||| DRINKING 3 potions of curing.
  7300 | D:8      | 7300 ||| (to cure confusion)
  7409 | D:8      | Identified the +1 robe of Otagiph {*Corrode +Inv rElec
                  | Dex-5}
  7411 | D:8      | Reached *** piety under Okawaru
  7443 | D:8      | Noticed a two-headed ogre
  7444 | D:8      | 7444 ||| INVOKING Heroism.
  7446 | D:8      | Killed a two-headed ogre
  7447 | D:8      | Reached skill level 12 in Ranged Weapons
  7623 | D:8      | 7623 ||| BUYING +4 ring of protection (432 gold).
  7623 | D:8      | Bought a +4 ring of protection for 432 gold pieces
  7623 | D:8      | 7623 ||| SHOPLISTING +4 ring of protection (432 gold, have
                  | 94).
  7623 | D:8      | 7623 ||| SHOPLISTING +5 ring of evasion (432 gold, have
                  | 94).
  7623 | D:8      | 7623 ||| SHOPLISTING +6 ring of dexterity (432 gold, have
                  | 94).
  7623 | D:8      | 7623 ||| SHOPLISTING +6 ring of strength (432 gold, have
                  | 94).
  7623 | D:8      | 7623 ||| SHOPLISTING ring of willpower (300 gold, have 94).
  7757 | D:8      | 7757 ||| RETREEEEATING.
  7770 | D:8      | 7770 ||| FLEEEEING.
  7828 | D:8      | Reached **** piety under Okawaru
  7829 | D:8      | 7829 ||| FLEEEEING.
  7932 | D:8      | 7932 ||| UPGRADING to +4 ring of protection.
  7934 | D:8      | 7934 ||| READING 2 scrolls of identify.
  7934 | D:8      | 7934 ||| IDENTIFYING sedimented puce potion
  7935 | D:8      | 7935 ||| READING scroll of identify.
  7935 | D:8      | 7935 ||| IDENTIFYING black potion
  7936 | D:8      | 7936 ||| READING scroll labelled LOGEFEE PERE.
  7937 | D:8      | 7937 ||| READING scroll labelled XOXIVO PUWILAO.
  7938 | D:8      | 7938 ||| FLEEEEING.
  8048 | D:8      | 8048 ||| DRINKING 2 fizzy cyan potions.
  8049 | D:8      | 8049 ||| DROPPING potion of brilliance.
  8050 | D:8      | 8050 ||| DROPPING potion of lignification.
  8092 | D:9      | Reached skill level 13 in Ranged Weapons
  8182 | D:9      | Identified the +2 spear of Qannaogg {protect, Will+ Str+3
                  | Dex+3}
  8210 | D:9      | Found an ornate altar of the Wu Jian Council.
  8242 | D:9      | Reached XP level 11. HP: 69/69 MP: 14/14
  8542 | D:9      | 8542 ||| FLEEEEING.
  8550 | D:9      | 8550 ||| STAIRDANCE
  8694 | D:9      | 8694 ||| UPGRADING to +0 acid dragon scales.
  8704 | D:9      | 8704 ||| DROPPING +0 ring mail.
  8741 | D:10     | Entered Level 10 of the Dungeon
  8748 | D:10     | 8748 ||| FLEEEEING.
  8751 | D:10     | 8751 ||| STAIRDANCE
  8808 | D:10     | Noticed a two-headed ogre
  8809 | D:10     | 8809 ||| INVOKING Finesse.
  8813 | D:10     | Killed a two-headed ogre
  8814 | D:10     | Reached skill level 9 in Fighting
  9259 | D:10     | Reached skill level 6 in Invocations
  9261 | D:10     | 9261 ||| RETREEEEATING.
  9263 | D:10     | 9263 ||| RETREEEEATING.
  9264 | D:10     | 9264 ||| RETREEEEATING.
  9265 | D:10     | 9265 ||| RETREEEEATING.
  9285 | D:10     | 9285 ||| FLEEEEING.
  9294 | D:10     | 9294 ||| STAIRDANCE
  9842 | D:11     | 9842 ||| FLEEEEING.
  9908 | D:11     | Reached ***** piety under Okawaru
  9911 | D:11     | 9911 ||| RETREEEEATING.
  9912 | D:11     | 9912 ||| RETREEEEATING.
  9913 | D:11     | 9913 ||| RETREEEEATING.
  9914 | D:11     | 9914 ||| RETREEEEATING.
  9915 | D:11     | 9915 ||| RETREEEEATING.
  9916 | D:11     | 9916 ||| RETREEEEATING.
  9917 | D:11     | 9917 ||| RETREEEEATING.
  9918 | D:11     | 9918 ||| RETREEEEATING.
  9919 | D:11     | 9919 ||| RETREEEEATING.
  9921 | D:11     | 9921 ||| INVOKING Finesse.
  9993 | D:11     | You fall into a shaft and drop 3 floors!
  9994 | D:14     | 9994 ||| PLANNING GAUNTLET
 10014 | D:14     | Noticed a manticore
 10015 | D:14     | 10015 ||| RETREEEEATING.
 10016 | D:14     | 10016 ||| ZAPPING wand of light (15) at -5,-1 (manticore;
                  | floor).
 10016 | D:14     | Noticed a deep elf pyromancer
 10017 | D:14     | 10017 ||| ZAPPING wand of light (14) at -5,1 (deep elf
                  | pyromancer; floor).
 10018 | D:14     | 10018 ||| ZAPPING wand of light (13) at -5,-1 (manticore;
                  | floor).
 10018 | D:14     | Noticed a centaur warrior
 10019 | D:14     | 10019 ||| INVOKING Finesse.
 10025 | D:14     | Killed a centaur warrior
 10032 | D:14     | Killed a deep elf pyromancer
 10037 | D:14     | 10037 ||| INVOKING Finesse.
 10041 | D:14     | Killed a manticore
 10177 | D:14     | Identified the +2 pair of gloves "Nanecasi" {Slay+3}
 10200 | D:14     | Reached skill level 14 in Ranged Weapons
 10200 | D:14     | Noticed a cyclops
 10201 | D:14     | 10201 ||| ZAPPING wand of light (12) at -3,-2 (cyclops;
                  | floor).
 10201 | D:14     | Noticed a cyclops
 10202 | D:14     | 10202 ||| INVOKING Finesse.
 10202 | D:14     | Noticed a boulder beetle
 10204 | D:14     | Killed a cyclops
 10205 | D:14     | Reached XP level 12. HP: 77/77 MP: 12/18
 10208 | D:14     | Noticed a centaur warrior
 10211 | D:14     | Reached skill level 9 in Invocations
 10215 | D:14     | Killed a centaur warrior
 10215 | D:14     | Received a gift from Okawaru
 10219 | D:14     | Killed a boulder beetle
 10429 | D:14     | Found a portal to a secret trove of treasure.
 10457 | D:14     | Noticed a boulder beetle
 10458 | D:14     | 10458 ||| RETREEEEATING.
 10459 | D:14     | 10459 ||| RETREEEEATING.
 10461 | D:14     | 10461 ||| RETREEEEATING.
 10463 | D:14     | 10463 ||| RETREEEEATING.
 10464 | D:14     | 10464 ||| RETREEEEATING.
 10465 | D:14     | 10465 ||| ZAPPING wand of light (17) at -2,-1 (boulder
                  | beetle; floor).
 10466 | D:14     | 10466 ||| ZAPPING wand of light (16) at -2,0 (boulder
                  | beetle; floor).
 10467 | D:14     | 10467 ||| ZAPPING wand of light (15) at -2,0 (boulder
                  | beetle; floor).
 10468 | D:14     | 10468 ||| ZAPPING wand of light (14) at -2,0 (boulder
                  | beetle; floor).
 10469 | D:14     | 10469 ||| ZAPPING wand of light (13) at -2,0 (boulder
                  | beetle; floor).
 10470 | D:14     | 10470 ||| INVOKING Finesse.
 10476 | D:14     | Killed a boulder beetle
 10483 | D:14     | Reached skill level 15 in Ranged Weapons
 10491 | D:14     | Received a gift from Okawaru
 10507 | D:14     | 10507 ||| RIP GAUNTLET
 10516 | D:14     | 10516 ||| PLANNING D:1-11
 10662 | D:14     | 10662 ||| UPGRADING to +2 pair of gloves "Nanecasi"
                  | {Slay+3}.
 10667 | D:14     | 10667 ||| UPGRADING to +2 pair of boots of flying.
 10672 | D:14     | 10672 ||| UPGRADING to +3 ring mail of positive energy.
 10682 | D:14     | 10682 ||| DROPPING +0 acid dragon scales.
 10683 | D:14     | 10683 ||| READING 2 scrolls of identify.
 10683 | D:14     | 10683 ||| IDENTIFYING scroll labelled CIXUORRYOM
 10684 | D:14     | 10684 ||| DROPPING scroll of noise.
 10926 | D:13     | Reached skill level 6 in Armour
 10926 | D:13     | 10926 ||| FLEEEEING.
 10928 | D:13     | 10928 ||| STAIRDANCE
 11269 | D:11     | Found a staircase to the Orcish Mines.
 11355 | D:11     | 11355 ||| RETREEEEATING.
 11356 | D:11     | 11356 ||| INVOKING Finesse.
 11551 | D:11     | Found a staircase to the Lair.
 11561 | D:11     | Received a gift from Okawaru
 11562 | D:11     | Reached XP level 13. HP: 69/82 MP: 20/20
 11784 | D:11     | 11784 ||| INVOKING Finesse.
 11834 | D:11     | 11834 ||| PLANNING LAIR
 11880 | Lair:1   | Entered Level 1 of the Lair of Beasts
 11923 | Lair:1   | Reached skill level 16 in Ranged Weapons
 12047 | Lair:1   | 12047 ||| RETREEEEATING.
 12048 | Lair:1   | 12048 ||| RETREEEEATING.
 12052 | Lair:1   | 12052 ||| RETREEEEATING.
 12053 | Lair:1   | 12053 ||| RETREEEEATING.
 12054 | Lair:1   | 12054 ||| RETREEEEATING.
 12067 | Lair:1   | 12067 ||| FLEEEEING.
 12068 | Lair:1   | 12068 ||| FLEEEEING.
 12069 | Lair:1   | 12069 ||| FLEEEEING.
 12071 | Lair:1   | 12071 ||| FLEEEEING.
 12218 | Lair:1   | Received a gift from Okawaru
 12488 | Lair:1   | 12488 ||| RETREEEEATING.
 12500 | Lair:1   | Reached ****** piety under Okawaru
 12501 | Lair:1   | 12501 ||| INVOKING Receive Weapon.
 12501 | Lair:1   | 12501 ||| ACQUIRING +8 longbow of the Extremely Mad {drain,
                  | rF+}
 12501 | Lair:1   | Acquired the +8 longbow of the Extremely Mad {drain, rF+}
 12501 | Lair:1   | Received a gift from Okawaru
 12502 | Lair:1   | 12502 ||| INVOKING Receive Armour.
 12502 | Lair:1   | 12502 ||| ACQUIRING +0 hat "Ciynneisso" {+Blink}
 12502 | Lair:1   | Acquired the +0 hat "Ciynneisso" {+Blink}
 12502 | Lair:1   | Received a gift from Okawaru
 12504 | Lair:1   | 12504 ||| SWAPPING to +8 longbow of the Extremely Mad
                  | {drain, rF+}.
 12505 | Lair:1   | 12505 ||| DROPPING +6 orcbow "Goblinbane" {heavy, rN+}.
 12654 | Lair:2   | 12654 ||| STAIRDANCE
 12661 | Lair:2   | 12661 ||| STAIRDANCE
 12671 | Lair:1   | 12671 ||| FLEEEEING.
 12751 | Lair:2   | 12751 ||| STAIRDANCE
 12757 | Lair:1   | 12757 ||| FLEEEEING.
 12806 | Lair:2   | 12806 ||| STAIRDANCE
 12808 | Lair:1   | 12808 ||| RETREEEEATING.
 12809 | Lair:1   | 12809 ||| RETREEEEATING.
 12810 | Lair:1   | 12810 ||| RETREEEEATING.
 12827 | Lair:1   | 12827 ||| FLEEEEING.
 12885 | Lair:2   | 12885 ||| STAIRDANCE
 12887 | Lair:1   | 12887 ||| RETREEEEATING.
 12888 | Lair:1   | 12888 ||| RETREEEEATING.
 12889 | Lair:1   | 12889 ||| RETREEEEATING.
 12905 | Lair:1   | HP: 20/84 [blink frog (13)]
 12906 | Lair:1   | 12906 ||| READING 4 scrolls of teleportation.
 12907 | Lair:1   | 12907 ||| DRINKING 3 potions of heal wounds.
 12909 | Lair:1   | 12909 ||| FLEEEEING.
 12953 | Lair:1   | Received a gift from Okawaru
 12954 | Lair:1   | 12954 ||| FLEEEEING.
 13047 | Lair:2   | 13047 ||| STAIRDANCE
 13049 | Lair:1   | 13049 ||| RETREEEEATING.
 13050 | Lair:1   | 13050 ||| RETREEEEATING.
 13051 | Lair:1   | 13051 ||| RETREEEEATING.
 13052 | Lair:1   | 13052 ||| RETREEEEATING.
 13062 | Lair:1   | 13062 ||| FLEEEEING.
 13183 | Lair:2   | Noticed Sonja
 13186 | Lair:2   | Killed Sonja
 13341 | Lair:2   | 13341 ||| RETREEEEATING.
 13342 | Lair:2   | 13342 ||| RETREEEEATING.
 13344 | Lair:2   | 13344 ||| RETREEEEATING.
 13345 | Lair:2   | 13345 ||| RETREEEEATING.
 13346 | Lair:2   | 13346 ||| RETREEEEATING.
 13347 | Lair:2   | 13347 ||| INVOKING Finesse.
 13353 | Lair:2   | Reached skill level 17 in Ranged Weapons
 13631 | Lair:2   | 13631 ||| DROPPING ring of resist corrosion.
 13677 | Lair:3   | 13677 ||| READING scroll of enchant armour.
 13677 | Lair:3   | 13677 ||| ENCHANTING +1 cloak.
 13694 | Lair:3   | Noticed Gastronok
 13698 | Lair:3   | 13698 ||| ZAPPING wand of light (12) at 1,-5 (Gastronok;
                  | floor).
 13699 | Lair:3   | 13699 ||| ZAPPING wand of light (11) at 1,-5 (Gastronok;
                  | floor).
 13700 | Lair:3   | 13700 ||| INVOKING Finesse.
 13710 | Lair:3   | Noticed Nergalle
 13719 | Lair:3   | Killed Gastronok
 13725 | Lair:3   | Killed Nergalle
 13725 | Lair:3   | Received a gift from Okawaru
 13827 | Lair:3   | Found a staircase to the Snake Pit.
 13908 | Lair:3   | Noticed Amaemon
 13915 | Lair:3   | Killed Amaemon
 13922 | Lair:3   | 13922 ||| FLEEEEING.
 13925 | Lair:3   | 13925 ||| STAIRDANCE
 13950 | Lair:2   | 13950 ||| UPGRADING to +2 hat of see invisible.
 13955 | Lair:2   | 13955 ||| REMOVING ring of see invisible.
 13956 | Lair:2   | 13956 ||| UPGRADING to +6 ring of strength.
 13971 | Lair:3   | Found a staircase to the Shoals.
 13988 | Lair:3   | Gained mutation: Your large and strong wings let you fly.
                  | [Gargoyle growth]
 13988 | Lair:3   | Reached XP level 14. HP: 90/90 MP: 21/21
 13993 | Lair:3   | Reached skill level 18 in Ranged Weapons
 14189 | Lair:3   | Reached skill level 12 in Fighting
 14201 | Lair:3   | Received a gift from Okawaru
 14389 | Lair:3   | 14389 ||| READING 3 scrolls of identify.
 14389 | Lair:3   | 14389 ||| IDENTIFYING fizzy white potion
 14390 | Lair:3   | 14390 ||| DROPPING potion of berserk rage.
 14408 | Lair:4   | 14408 ||| STAIRDANCE
 14412 | Lair:4   | 14412 ||| STAIRDANCE
 14444 | Lair:4   | 14444 ||| STAIRDANCE
 14455 | Lair:4   | 14455 ||| STAIRDANCE
 14459 | Lair:3   | 14459 ||| INVOKING Finesse.
 14460 | Lair:3   | 14460 ||| INVOKING Heroism.
 14523 | Lair:4   | 14523 ||| STAIRDANCE
 14547 | Lair:4   | 14547 ||| STAIRDANCE
 14553 | Lair:4   | 14553 ||| STAIRDANCE
 14562 | Lair:3   | 14562 ||| FLEEEEING.
 14607 | Lair:4   | 14607 ||| STAIRDANCE
 14613 | Lair:4   | 14613 ||| STAIRDANCE
 14622 | Lair:4   | 14622 ||| STAIRDANCE
 14646 | Lair:4   | 14646 ||| STAIRDANCE
 14666 | Lair:4   | 14666 ||| STAIRDANCE
 14671 | Lair:4   | 14671 ||| STAIRDANCE
 14686 | Lair:4   | Reached skill level 6 in Dodging
 14735 | Lair:4   | Received a gift from Okawaru
 14743 | Lair:4   | Found a staircase to the Slime Pits.
 14759 | Lair:4   | Identified the +5 rapier of Non Obstante Veredicto {chaos,
                  | Dex+3}
 14775 | Lair:4   | Identified the +5 chain mail of Peek-a-Boo {Rampage rElec
                  | Str+4 Dex-2}
 14857 | Lair:4   | 14857 ||| FLEEEEING.
 14867 | Lair:4   | 14867 ||| STAIRDANCE
 14969 | Lair:3   | 14969 ||| DROPPING +1 cloak.
 15405 | Lair:5   | Entered Level 5 of the Lair of Beasts
 15406 | Lair:5   | 15406 ||| STAIRDANCE
 15419 | Lair:5   | 15419 ||| STAIRDANCE
 15421 | Lair:4   | 15421 ||| RETREEEEATING.
 15423 | Lair:4   | 15423 ||| RETREEEEATING.
 15424 | Lair:4   | 15424 ||| RETREEEEATING.
 15425 | Lair:4   | 15425 ||| RETREEEEATING.
 15426 | Lair:4   | 15426 ||| RETREEEEATING.
 15427 | Lair:4   | 15427 ||| RETREEEEATING.
 15429 | Lair:4   | 15429 ||| RETREEEEATING.
 15430 | Lair:4   | 15430 ||| RETREEEEATING.
 15471 | Lair:5   | 15471 ||| RETREEEEATING.
 15477 | Lair:5   | 15477 ||| RETREEEEATING.
 15478 | Lair:5   | 15478 ||| RETREEEEATING.
 15481 | Lair:5   | 15481 ||| INVOKING Finesse.
 15520 | Lair:5   | 15520 ||| FLEEEEING.
 15521 | Lair:5   | 15521 ||| STAIRDANCE
 15630 | Lair:5   | 15630 ||| RETREEEEATING.
 15633 | Lair:5   | 15633 ||| RETREEEEATING.
 15635 | Lair:5   | 15635 ||| RETREEEEATING.
 15643 | Lair:5   | Reached skill level 19 in Ranged Weapons
 15643 | Lair:5   | 15643 ||| FLEEEEING.
 15644 | Lair:5   | 15644 ||| STAIRDANCE
 15654 | Lair:4   | Received a gift from Okawaru
 15685 | Lair:5   | 15685 ||| STAIRDANCE
 15687 | Lair:4   | 15687 ||| RETREEEEATING.
 15688 | Lair:4   | 15688 ||| RETREEEEATING.
 15689 | Lair:4   | 15689 ||| RETREEEEATING.
 15690 | Lair:4   | 15690 ||| RETREEEEATING.
 15711 | Lair:4   | 15711 ||| FLEEEEING.
 15712 | Lair:4   | 15712 ||| FLEEEEING.
 15851 | Lair:5   | 15851 ||| STAIRDANCE
 16038 | Lair:5   | Found a burning altar of Makhleb.
 16041 | Lair:5   | Received a gift from Okawaru
 16213 | Lair:5   | 16213 ||| RETREEEEATING.
 16221 | Lair:5   | Reached XP level 15. HP: 98/98 MP: 22/22
 16261 | Lair:5   | 16261 ||| RETREEEEATING.
 16262 | Lair:5   | 16262 ||| RETREEEEATING.
 16263 | Lair:5   | 16263 ||| RETREEEEATING.
 16264 | Lair:5   | 16264 ||| RETREEEEATING.
 16266 | Lair:5   | 16266 ||| RETREEEEATING.
 16282 | Lair:5   | 16282 ||| RETREEEEATING.
 16283 | Lair:5   | 16283 ||| RETREEEEATING.
 16284 | Lair:5   | 16284 ||| RETREEEEATING.
 16295 | Lair:5   | 16295 ||| RETREEEEATING.
 16296 | Lair:5   | 16296 ||| RETREEEEATING.
 16297 | Lair:5   | 16297 ||| RETREEEEATING.
 16298 | Lair:5   | 16298 ||| RETREEEEATING.
 16299 | Lair:5   | 16299 ||| RETREEEEATING.
 16316 | Lair:5   | 16316 ||| FLEEEEING.
 16323 | Lair:5   | 16323 ||| STAIRDANCE
 16387 | Lair:4   | 16387 ||| READING 2 scrolls of identify.
 16387 | Lair:4   | 16387 ||| IDENTIFYING fuming clear potion
 16428 | Lair:5   | Received a gift from Okawaru
 16455 | Lair:5   | 16455 ||| FLEEEEING.
 16600 | Lair:5   | 16600 ||| RETREEEEATING.
 16603 | Lair:5   | 16603 ||| RETREEEEATING.
 16604 | Lair:5   | 16604 ||| RETREEEEATING.
 16605 | Lair:5   | 16605 ||| RETREEEEATING.
 16606 | Lair:5   | 16606 ||| RETREEEEATING.
 16607 | Lair:5   | 16607 ||| RETREEEEATING.
 16608 | Lair:5   | 16608 ||| INVOKING Finesse.
 16609 | Lair:5   | 16609 ||| ZAPPING wand of light (13) at -2,1 (polar bear;
                  | floor).
 16610 | Lair:5   | 16610 ||| ZAPPING wand of light (12) at -2,1 (polar bear;
                  | floor).
 16612 | Lair:5   | 16612 ||| ZAPPING wand of light (11) at 1,2 (polar bear;
                  | floor).
 16613 | Lair:5   | 16613 ||| ZAPPING wand of light (10) at 2,1 (polar bear;
                  | floor).
 16687 | Lair:5   | 16687 ||| RETREEEEATING.
 16741 | Lair:5   | 16741 ||| INVOKING Finesse.
 16768 | Lair:5   | Received a gift from Okawaru
 16788 | Lair:5   | 16788 ||| INVOKING Finesse.
 16791 | Lair:5   | 16791 ||| INVOKING Heroism.
 16879 | Lair:5   | Reached skill level 20 in Ranged Weapons
 17315 | Lair:5   | 17315 ||| PLANNING D
 17515 | D:12     | Noticed Josephine
 17518 | D:12     | 17518 ||| RETREEEEATING.
 17528 | D:12     | Killed Josephine
 18477 | D:12     | 18477 ||| UPGRADING to ring of willpower.
 18537 | D:13     | Received a gift from Okawaru
 18592 | D:13     | Found a gate to the Vaults.
 18601 | D:13     | 18601 ||| FLEEEEING.
 18704 | D:13     | 18704 ||| FLEEEEING.
 18866 | D:13     | Reached skill level 9 in Armour
 18866 | D:13     | 18866 ||| FLEEEEING.
 19177 | D:14     | 19177 ||| FLEEEEING.
 19249 | D:14     | Received a gift from Okawaru
 19467 | D:14     | 19467 ||| RETREEEEATING.
 19471 | D:14     | 19471 ||| RETREEEEATING.
 19497 | D:14     | Reached XP level 16. HP: 107/107 MP: 23/23
 19734 | D:15     | Entered Level 15 of the Dungeon
 19763 | D:15     | 19763 ||| RETREEEEATING.
 19766 | D:15     | 19766 ||| RETREEEEATING.
 19770 | D:15     | 19770 ||| RETREEEEATING.
 19771 | D:15     | 19771 ||| RETREEEEATING.
 19772 | D:15     | 19772 ||| RETREEEEATING.
 19773 | D:15     | 19773 ||| RETREEEEATING.
 19782 | D:15     | HP: 17/107 [acid (10)]
 19783 | D:15     | 19783 ||| READING 5 scrolls of teleportation.
 19784 | D:15     | 19784 ||| DRINKING 4 potions of heal wounds.
 19788 | D:15     | 19788 ||| FLEEEEING.
 19789 | D:15     | 19789 ||| FLEEEEING.
 19790 | D:15     | 19790 ||| FLEEEEING.
 19791 | D:15     | 19791 ||| FLEEEEING.
 19792 | D:15     | 19792 ||| STAIRDANCE
 19985 | D:15     | 19985 ||| STAIRDANCE
 19997 | D:14     | HP: 16/107 [white ugly thing (22)]
 19998 | D:14     | 19998 ||| READING 4 scrolls of teleportation.
 19999 | D:14     | 19999 ||| DRINKING 3 potions of heal wounds.
 20000 | D:14     | 20000 ||| DRINKING 2 potions of heal wounds.
 20003 | D:14     | 20003 ||| FLEEEEING.
 20009 | D:14     | 20009 ||| STAIRDANCE
 20197 | D:15     | 20197 ||| STAIRDANCE
 20235 | D:15     | Noticed Louise
 20236 | D:15     | Received a gift from Okawaru
 20256 | D:15     | Killed Louise
 20257 | D:15     | Reached skill level 15 in Fighting
 20304 | D:15     | 20304 ||| FLEEEEING.
 20325 | D:15     | 20325 ||| FLEEEEING.
 20331 | D:15     | 20331 ||| STAIRDANCE
 20470 | D:15     | Found a burning altar of Makhleb.
 20559 | D:15     | Found Seled's Magic Scroll Emporium.
 20562 | D:15     | 20562 ||| BUYING scroll of enchant weapon (120 gold).
 20562 | D:15     | Bought a scroll of enchant weapon for 120 gold pieces
 20562 | D:15     | 20562 ||| BUYING scroll of identify (32 gold).
 20562 | D:15     | Bought a scroll of identify for 32 gold pieces
 20702 | D:15     | 20702 ||| RETREEEEATING.
 20707 | D:15     | 20707 ||| RETREEEEATING.
 20708 | D:15     | 20708 ||| RETREEEEATING.
 20709 | D:15     | 20709 ||| RETREEEEATING.
 20710 | D:15     | 20710 ||| ZAPPING wand of light (9) at 2,1 (white very ugly
                  | thing; floor).
 20711 | D:15     | 20711 ||| INVOKING Finesse.
 20728 | D:15     | Received a gift from Okawaru
 20781 | D:15     | 20781 ||| INVOKING Finesse.
 20825 | D:15     | Found a staircase to the Depths.
 20871 | D:15     | 20871 ||| PLANNING ORC
 20871 | D:15     | 20871 ||| UPGRADING to +5 ring of evasion.
 20873 | D:15     | 20873 ||| DROPPING ring of see invisible.
 20874 | D:15     | 20874 ||| DROPPING +6 ring of strength.
 20875 | D:15     | 20875 ||| DROPPING ring of ice.
 20876 | D:15     | 20876 ||| DROPPING ring of willpower.
 20969 | Orc:1    | Entered Level 1 of the Orcish Mines
 21109 | Orc:1    | Found Qiag's CLEARANCE SALE!.
 21243 | Orc:2    | Entered Level 2 of the Orcish Mines
 21266 | Orc:2    | Found Luononobb's Antique Weapon Boutique.
 21302 | Orc:2    | Found Xeidd's Jewellery Boutique.
 21304 | Orc:2    | 21304 ||| FLEEEEING.
 21305 | Orc:2    | 21305 ||| FLEEEEING.
 21346 | Orc:2    | 21346 ||| RETREEEEATING.
 21350 | Orc:2    | 21350 ||| RETREEEEATING.
 21351 | Orc:2    | 21351 ||| RETREEEEATING.
 21352 | Orc:2    | 21352 ||| RETREEEEATING.
 21355 | Orc:2    | 21355 ||| RETREEEEATING.
 21356 | Orc:2    | 21356 ||| RETREEEEATING.
 21357 | Orc:2    | 21357 ||| RETREEEEATING.
 21358 | Orc:2    | 21358 ||| RETREEEEATING.
 21359 | Orc:2    | 21359 ||| RETREEEEATING.
 21360 | Orc:2    | 21360 ||| RETREEEEATING.
 21361 | Orc:2    | 21361 ||| RETREEEEATING.
 21362 | Orc:2    | 21362 ||| RETREEEEATING.
 21363 | Orc:2    | 21363 ||| RETREEEEATING.
 21364 | Orc:2    | 21364 ||| RETREEEEATING.
 21365 | Orc:2    | 21365 ||| RETREEEEATING.
 21366 | Orc:2    | 21366 ||| RETREEEEATING.
 21367 | Orc:2    | 21367 ||| RETREEEEATING.
 21368 | Orc:2    | 21368 ||| RETREEEEATING.
 21369 | Orc:2    | 21369 ||| RETREEEEATING.
 21370 | Orc:2    | 21370 ||| INVOKING Finesse.
 21375 | Orc:2    | Reached skill level 9 in Dodging
 21395 | Orc:2    | Received a gift from Okawaru
 21450 | Orc:2    | Found Ululi's General Store.
 21458 | Orc:2    | Found a staircase to the Elven Halls.
 21459 | Orc:2    | 21459 ||| BUYING potion of enlightenment (70 gold).
 21459 | Orc:2    | Bought a potion of enlightenment for 70 gold pieces
 21459 | Orc:2    | 21459 ||| BUYING scroll of identify (28 gold).
 21459 | Orc:2    | Bought a scroll of identify for 28 gold pieces
 21517 | Orc:2    | Found Vaov's Antique Armour Shop.
 21541 | Orc:2    | 21541 ||| BUYING distressingly furry ring mail (234 gold).
 21541 | Orc:2    | Bought a distressingly furry ring mail for 234 gold pieces
 21541 | Orc:2    | Identified the +0 ring mail of Ysunledo {Regen+ Str+4
                  | Int-2} (You bought it in a shop on level 2 of the Orcish
                  | Mines)
 21541 | Orc:2    | 21541 ||| SHOPLISTING runed swamp dragon scales (1378 gold,
                  | have 989).
 21793 | Orc:2    | 21793 ||| BUYING +6 ring of dexterity (396 gold).
 21793 | Orc:2    | Bought a +6 ring of dexterity for 396 gold pieces
 22052 | Orc:2    | 22052 ||| PLANNING SNAKE:1-3
 22052 | Orc:2    | 22052 ||| UPGRADING to +0 ring mail of Ysunledo {Regen+
                  | Str+4 Int-2}.
 22062 | Orc:2    | 22062 ||| DROPPING +3 ring mail of positive energy.
 22063 | Orc:2    | 22063 ||| UPGRADING to +6 ring of dexterity.
 22065 | Orc:2    | 22065 ||| UPGRADING to +5 ring of evasion.
 22067 | Orc:2    | 22067 ||| DROPPING +4 ring of protection.
 22276 | Snake:1  | Entered Level 1 of the Snake Pit
 22276 | Snake:1  | Found Mehob's Antique Weapon Shop.
 22310 | Snake:1  | Received a gift from Okawaru
 22343 | Snake:1  | 22343 ||| RETREEEEATING.
 22344 | Snake:1  | 22344 ||| RETREEEEATING.
 22345 | Snake:1  | 22345 ||| RETREEEEATING.
 22346 | Snake:1  | 22346 ||| RETREEEEATING.
 22347 | Snake:1  | 22347 ||| RETREEEEATING.
 22348 | Snake:1  | 22348 ||| RETREEEEATING.
 22349 | Snake:1  | 22349 ||| RETREEEEATING.
 22350 | Snake:1  | 22350 ||| RETREEEEATING.
 22351 | Snake:1  | 22351 ||| RETREEEEATING.
 22463 | Snake:1  | 22463 ||| FLEEEEING.
 22464 | Snake:1  | 22464 ||| FLEEEEING.
 22478 | Snake:1  | 22478 ||| FLEEEEING.
 22479 | Snake:1  | 22479 ||| FLEEEEING.
 22480 | Snake:1  | 22480 ||| FLEEEEING.
 22693 | Snake:1  | 22693 ||| INVOKING Finesse.
 22728 | Snake:1  | Received a gift from Okawaru
 22748 | Snake:1  | Reached XP level 17. HP: 91/116 MP: 22/24
 22768 | Snake:1  | 22768 ||| FLEEEEING.
 23319 | Snake:1  | Received a gift from Okawaru
 23537 | Snake:2  | 23537 ||| RETREEEEATING.
 23538 | Snake:2  | 23538 ||| RETREEEEATING.
 23539 | Snake:2  | 23539 ||| RETREEEEATING.
 23540 | Snake:2  | 23540 ||| RETREEEEATING.
 23541 | Snake:2  | 23541 ||| RETREEEEATING.
 23542 | Snake:2  | 23542 ||| INVOKING Finesse.
 23633 | Snake:2  | 23633 ||| INVOKING Finesse.
 23794 | Snake:2  | Received a gift from Okawaru
 23827 | Snake:2  | 23827 ||| RETREEEEATING.
 23875 | Snake:2  | 23875 ||| FLEEEEING.
 23876 | Snake:2  | 23876 ||| Stepping ~*~*~tactically~*~*~ (cloud).
 24073 | Snake:2  | Reached skill level 18 in Fighting
 24166 | Snake:2  | 24166 ||| RETREEEEATING.
 24176 | Snake:2  | 24176 ||| ZAPPING wand of light (16) at 3,1 (naga mage;
                  | floor).
 24178 | Snake:2  | 24178 ||| INVOKING Finesse.
 24329 | Snake:3  | Received a gift from Okawaru
 24361 | Snake:3  | 24361 ||| FLEEEEING.
 24366 | Snake:3  | 24366 ||| RETREEEEATING.
 24367 | Snake:3  | 24367 ||| RETREEEEATING.
 24368 | Snake:3  | 24368 ||| INVOKING Finesse.
 24510 | Snake:3  | Identified the serpent talisman of Leapfrog {Str+3}
 24510 | Snake:3  | Noticed Aizul
 24528 | Snake:3  | Killed Aizul
 24529 | Snake:3  | 24529 ||| FLEEEEING.
 24632 | Snake:3  | 24632 ||| INVOKING Finesse.
 24696 | Snake:3  | Received a gift from Okawaru
 24907 | Snake:3  | Found a shimmering altar of Xom.
 24953 | Snake:3  | Reached skill level 12 in Dodging
 25153 | Snake:3  | 25153 ||| PLANNING SHOALS:1-3
 25225 | Shoals:1 | Entered Level 1 of the Shoals
 25286 | Shoals:1 | 25286 ||| FLEEEEING.
 25293 | Shoals:1 | 25293 ||| STAIRDANCE
 25314 | Shoals:1 | 25314 ||| DROPPING +0 hand cannon of freezing.
 25684 | Shoals:1 | Reached XP level 18. HP: 126/126 MP: 25/25
 25951 | Shoals:1 | 25951 ||| READING 9 scrolls of identify.
 25951 | Shoals:1 | 25951 ||| IDENTIFYING fizzy coppery potion
 25952 | Shoals:1 | 25952 ||| DROPPING wand of mindburst (19).
 25996 | Shoals:2 | 25996 ||| INVOKING Finesse.
 26158 | Shoals:2 | Received a gift from Okawaru
 26753 | Shoals:2 | 26753 ||| DROPPING +3 ring mail.
 26754 | Shoals:2 | 26754 ||| READING 8 scrolls of identify.
 26754 | Shoals:2 | 26754 ||| IDENTIFYING purple potion
 26783 | Shoals:3 | Reached skill level 12 in Armour
 26801 | Shoals:3 | 26801 ||| STAIRDANCE
 27457 | Shoals:3 | 27457 ||| PLANNING SNAKE:4
 27581 | Snake:4  | Entered Level 4 of the Snake Pit
 27632 | Snake:4  | 27632 ||| RETREEEEATING.
 27634 | Snake:4  | 27634 ||| RETREEEEATING.
 27635 | Snake:4  | 27635 ||| RETREEEEATING.
 27636 | Snake:4  | 27636 ||| RETREEEEATING.
 27637 | Snake:4  | 27637 ||| RETREEEEATING.
 27638 | Snake:4  | 27638 ||| RETREEEEATING.
 27639 | Snake:4  | 27639 ||| RETREEEEATING.
 27641 | Snake:4  | 27641 ||| RETREEEEATING.
 27651 | Snake:4  | 27651 ||| RETREEEEATING.
 27652 | Snake:4  | 27652 ||| RETREEEEATING.
 27658 | Snake:4  | Received a gift from Okawaru
 27731 | Snake:4  | 27731 ||| RETREEEEATING.
 27754 | Snake:4  | 27754 ||| INVOKING Finesse.
 27818 | Snake:4  | 27818 ||| RETREEEEATING.
 27822 | Snake:4  | 27822 ||| RETREEEEATING.
 27922 | Snake:4  | Received a gift from Okawaru
 27933 | Snake:4  | 27933 ||| INVOKING Finesse.
 27979 | Snake:4  | Noticed Vashnia
 27995 | Snake:4  | Killed Vashnia
 28003 | Snake:4  | 28003 ||| RETREEEEATING.
 28004 | Snake:4  | 28004 ||| RETREEEEATING.
 28018 | Snake:4  | 28018 ||| RETREEEEATING.
 28022 | Snake:4  | 28022 ||| RETREEEEATING.
 28023 | Snake:4  | 28023 ||| RETREEEEATING.
 28024 | Snake:4  | 28024 ||| RETREEEEATING.
 28025 | Snake:4  | 28025 ||| RETREEEEATING.
 28026 | Snake:4  | 28026 ||| RETREEEEATING.
 28027 | Snake:4  | 28027 ||| RETREEEEATING.
 28036 | Snake:4  | 28036 ||| INVOKING Finesse.
 28047 | Snake:4  | 28047 ||| INVOKING Heroism.
 28100 | Snake:4  | 28100 ||| FLEEEEING.
 28254 | Snake:4  | Received a gift from Okawaru
 28359 | Snake:4  | Got a serpentine rune of Zot
 28402 | Snake:4  | Found Xetyt's Distillery.
 28407 | Snake:4  | Found Watetomi's Antique Armour Boutique.
 28411 | Snake:4  | 28411 ||| BUYING 2 potions of might (160 gold).
 28411 | Snake:4  | Bought 2 potions of might for 160 gold pieces
 28411 | Snake:4  | 28411 ||| BUYING potion of curing (60 gold).
 28411 | Snake:4  | Bought a potion of curing for 60 gold pieces
 28411 | Snake:4  | 28411 ||| BUYING potion of curing (60 gold).
 28411 | Snake:4  | Bought a potion of curing for 60 gold pieces
 28411 | Snake:4  | 28411 ||| BUYING potion of haste (200 gold).
 28411 | Snake:4  | Bought a potion of haste for 200 gold pieces
 28411 | Snake:4  | 28411 ||| BUYING potion of heal wounds (100 gold).
 28411 | Snake:4  | Bought a potion of heal wounds for 100 gold pieces
 28411 | Snake:4  | 28411 ||| BUYING potion of mutation (160 gold).
 28411 | Snake:4  | Bought a potion of mutation for 160 gold pieces
 28416 | Snake:4  | Reached XP level 19. HP: 136/136 MP: 26/26
 28417 | Snake:4  | 28417 ||| BUYING glowing ring mail (245 gold).
 28417 | Snake:4  | Bought a glowing ring mail for 245 gold pieces
 28543 | Snake:4  | 28543 ||| PLANNING VAULTS:1-4
 28543 | Snake:4  | 28543 ||| UPGRADING to +3 ring mail of cold resistance.
 28782 | Vaults:1 | Entered Level 1 of the Vaults
 29012 | Vaults:1 | 29012 ||| FLEEEEING.
 29244 | Vaults:1 | Reached skill level 21 in Fighting
 29244 | Vaults:1 | 29244 ||| FLEEEEING.
 29284 | Vaults:1 | 29284 ||| INVOKING Finesse.
 29304 | Vaults:1 | Received a gift from Okawaru
 29394 | Vaults:1 | 29394 ||| SWAPPING to +2 heavy hand cannon.
 29395 | Vaults:1 | 29395 ||| DROPPING +1 hand cannon of flaming.
 29396 | Vaults:1 | 29396 ||| READING 5 scrolls of enchant weapon.
 29396 | Vaults:1 | 29396 ||| ENCHANTING +2 heavy hand cannon.
 29397 | Vaults:1 | 29397 ||| READING 4 scrolls of enchant weapon.
 29397 | Vaults:1 | 29397 ||| ENCHANTING +3 heavy hand cannon.
 29398 | Vaults:1 | 29398 ||| READING 3 scrolls of enchant weapon.
 29398 | Vaults:1 | 29398 ||| ENCHANTING +4 heavy hand cannon.
 29399 | Vaults:1 | 29399 ||| READING 2 scrolls of enchant weapon.
 29399 | Vaults:1 | 29399 ||| ENCHANTING +5 heavy hand cannon.
 29400 | Vaults:1 | 29400 ||| READING scroll of enchant weapon.
 29400 | Vaults:1 | 29400 ||| ENCHANTING +6 heavy hand cannon.
 29471 | Vaults:1 | 29471 ||| FLEEEEING.
 29472 | Vaults:1 | 29472 ||| FLEEEEING.
 29473 | Vaults:1 | 29473 ||| FLEEEEING.
 29474 | Vaults:1 | 29474 ||| FLEEEEING.
 29475 | Vaults:1 | 29475 ||| FLEEEEING.
 29476 | Vaults:1 | 29476 ||| FLEEEEING.
 29477 | Vaults:1 | 29477 ||| FLEEEEING.
 29478 | Vaults:1 | 29478 ||| FLEEEEING.
 29479 | Vaults:1 | 29479 ||| FLEEEEING.
 29480 | Vaults:1 | 29480 ||| FLEEEEING.
 29655 | Vaults:1 | 29655 ||| RETREEEEATING.
 29656 | Vaults:1 | 29656 ||| RETREEEEATING.
 29664 | Vaults:1 | 29664 ||| RETREEEEATING.
 29665 | Vaults:1 | 29665 ||| RETREEEEATING.
 29666 | Vaults:1 | 29666 ||| INVOKING Finesse.
 29673 | Vaults:1 | 29673 ||| RETREEEEATING.
 29969 | Vaults:1 | 29969 ||| FLEEEEING.
 30037 | Vaults:1 | 30037 ||| FLEEEEING.
 30038 | Vaults:1 | 30038 ||| FLEEEEING.
 30137 | Vaults:1 | Found Finu's Book Shoppe.
 30201 | Vaults:1 | 30201 ||| INVOKING Finesse.
 30203 | Vaults:1 | 30203 ||| RETREEEEATING.
 30206 | Vaults:1 | 30206 ||| RETREEEEATING.
 30210 | Vaults:1 | 30210 ||| RETREEEEATING.
 30211 | Vaults:1 | 30211 ||| RETREEEEATING.
 30212 | Vaults:1 | 30212 ||| RETREEEEATING.
 30223 | Vaults:1 | Received a gift from Okawaru
 30448 | Vaults:1 | 30448 ||| RETREEEEATING.
 30449 | Vaults:1 | 30449 ||| RETREEEEATING.
 30450 | Vaults:1 | 30450 ||| RETREEEEATING.
 30451 | Vaults:1 | 30451 ||| RETREEEEATING.
 30453 | Vaults:1 | 30453 ||| RETREEEEATING.
 30454 | Vaults:1 | 30454 ||| RETREEEEATING.
 30455 | Vaults:1 | 30455 ||| RETREEEEATING.
 30456 | Vaults:1 | 30456 ||| RETREEEEATING.
 30457 | Vaults:1 | 30457 ||| RETREEEEATING.
 30458 | Vaults:1 | 30458 ||| RETREEEEATING.
 30461 | Vaults:1 | 30461 ||| RETREEEEATING.
 30466 | Vaults:1 | HP: 30/137 [vault warden/+6 dire flail of protection (19)]
 30467 | Vaults:1 | 30467 ||| READING 11 scrolls of teleportation.
 30468 | Vaults:1 | 30468 ||| DRINKING 6 potions of heal wounds.
 30470 | Vaults:1 | 30470 ||| FLEEEEING.
 30700 | Vaults:1 | 30700 ||| RETREEEEATING.
 30703 | Vaults:1 | 30703 ||| RETREEEEATING.
 30706 | Vaults:1 | 30706 ||| RETREEEEATING.
 30714 | Vaults:1 | Reached skill level 21 in Ranged Weapons
 30714 | Vaults:1 | 30714 ||| FLEEEEING.
 30852 | Vaults:2 | 30852 ||| PLANNING BAZAAR
 30946 | Vaults:2 | 30946 ||| RETREEEEATING.
 30947 | Vaults:2 | 30947 ||| RETREEEEATING.
 30948 | Vaults:2 | 30948 ||| RETREEEEATING.
 30949 | Vaults:2 | 30949 ||| RETREEEEATING.
 30950 | Vaults:2 | 30950 ||| RETREEEEATING.
 30951 | Vaults:2 | 30951 ||| INVOKING Finesse.
 30980 | Vaults:2 | HP: 32/137 [yaktaur/bolt[a yaktaur captain] (10)]
 30981 | Vaults:2 | 30981 ||| READING 10 scrolls of teleportation.
 30982 | Vaults:2 | 30982 ||| DRINKING 5 potions of heal wounds.
 30985 | Vaults:2 | 30985 ||| FLEEEEING.
 31226 | Vaults:2 | 31226 ||| RETREEEEATING.
 31227 | Vaults:2 | 31227 ||| RETREEEEATING.
 31228 | Vaults:2 | 31228 ||| RETREEEEATING.
 31229 | Vaults:2 | 31229 ||| RETREEEEATING.
 31230 | Vaults:2 | 31230 ||| RETREEEEATING.
 31231 | Vaults:2 | 31231 ||| RETREEEEATING.
 31232 | Vaults:2 | 31232 ||| RETREEEEATING.
 31233 | Vaults:2 | 31233 ||| RETREEEEATING.
 31234 | Vaults:2 | 31234 ||| RETREEEEATING.
 31235 | Vaults:2 | 31235 ||| RETREEEEATING.
 31236 | Vaults:2 | 31236 ||| RETREEEEATING.
 31237 | Vaults:2 | 31237 ||| RETREEEEATING.
 31238 | Vaults:2 | 31238 ||| RETREEEEATING.
 31239 | Vaults:2 | 31239 ||| RETREEEEATING.
 31241 | Vaults:2 | 31241 ||| RETREEEEATING.
 31242 | Vaults:2 | 31242 ||| RETREEEEATING.
 31243 | Vaults:2 | 31243 ||| RETREEEEATING.
 31244 | Vaults:2 | 31244 ||| RETREEEEATING.
 31245 | Vaults:2 | 31245 ||| RETREEEEATING.
 31249 | Vaults:2 | 31249 ||| INVOKING Finesse.
 31250 | Vaults:2 | Received a gift from Okawaru
 31262 | Vaults:2 | 31262 ||| FLEEEEING.
 31262 | Vaults:2 | HP: 31/137 [ironbound frostheart[a vault warden] (16)]
 31262 | Vaults:2 | HP: 14/137 [ironbound frostheart[a vault warden] (15)]
 31263 | Vaults:2 | 31263 ||| READING 9 scrolls of teleportation.
 31264 | Vaults:2 | 31264 ||| DRINKING 4 potions of heal wounds.
 31276 | Vaults:2 | 31276 ||| FLEEEEING.
 31280 | Vaults:2 | 31280 ||| STAIRDANCE
 31526 | Vaults:2 | Found a flickering gateway to a bazaar.
 31542 | Vaults:2 | 31542 ||| FLEEEEING.
 31609 | Bazaar   | Entered a bazaar
 31629 | Bazaar   | Found Qore Pipt's General Store.
 31634 | Bazaar   | 31634 ||| BUYING scroll of teleportation (33 gold).
 31634 | Bazaar   | Bought a scroll of teleportation for 33 gold pieces
 31651 | Bazaar   | Found Quemy's Book Shoppe.
 31683 | Bazaar   | Found Dasiba's Jewellery Shoppe.
 31688 | Bazaar   | 31688 ||| BUYING +6 ring of dexterity (432 gold).
 31688 | Bazaar   | Bought a +6 ring of dexterity for 432 gold pieces
 31694 | Bazaar   | Found Jamulye's General Store.
 31699 | Bazaar   | 31699 ||| BUYING scroll of enchant weapon (97 gold).
 31699 | Bazaar   | Bought a scroll of enchant weapon for 97 gold pieces
 31699 | Bazaar   | 31699 ||| BUYING scroll of identify (26 gold).
 31699 | Bazaar   | Bought a scroll of identify for 26 gold pieces
 31699 | Bazaar   | 31699 ||| READING scroll of enchant weapon.
 31699 | Bazaar   | 31699 ||| ENCHANTING +7 heavy hand cannon.
 31700 | Bazaar   | 31700 ||| DROPPING +8 longbow of the Extremely Mad {drain,
                  | rF+}.
 31707 | Bazaar   | Found Fofus's Magic Scroll Emporium.
 31712 | Bazaar   | 31712 ||| BUYING scroll of teleportation (33 gold).
 31712 | Bazaar   | Bought a scroll of teleportation for 33 gold pieces
 31712 | Bazaar   | 31712 ||| BUYING scroll of teleportation (33 gold).
 31712 | Bazaar   | Bought a scroll of teleportation for 33 gold pieces
 31716 | Bazaar   | 31716 ||| DROPPING ring of fire.
 31717 | Bazaar   | 31717 ||| UPGRADING to +6 ring of dexterity.
 31719 | Bazaar   | 31719 ||| DROPPING +5 ring of evasion.
 31754 | Vaults:2 | 31754 ||| PLANNING VAULTS:1-4
 31807 | Vaults:2 | 31807 ||| FLEEEEING.
 31911 | Vaults:2 | 31911 ||| INVOKING Finesse.
 31961 | Vaults:2 | 31961 ||| RETREEEEATING.
 31963 | Vaults:2 | 31963 ||| RETREEEEATING.
 31964 | Vaults:2 | 31964 ||| RETREEEEATING.
 31965 | Vaults:2 | 31965 ||| RETREEEEATING.
 31966 | Vaults:2 | 31966 ||| RETREEEEATING.
 31967 | Vaults:2 | 31967 ||| RETREEEEATING.
 31969 | Vaults:2 | 31969 ||| INVOKING Finesse.
 31991 | Vaults:2 | Reached skill level 22 in Ranged Weapons
 31996 | Vaults:2 | Received a gift from Okawaru
 32007 | Vaults:2 | Reached XP level 20. HP: 134/144 MP: 27/27
 32280 | Vaults:2 | 32280 ||| FLEEEEING.
 32549 | Vaults:2 | 32549 ||| FLEEEEING.
 32553 | Vaults:2 | 32553 ||| FLEEEEING.
 32554 | Vaults:2 | 32554 ||| FLEEEEING.
 32555 | Vaults:2 | 32555 ||| FLEEEEING.
 32556 | Vaults:2 | 32556 ||| FLEEEEING.
 32667 | Vaults:2 | 32667 ||| INVOKING Finesse.
 33007 | Vaults:2 | 33007 ||| FLEEEEING.
 33008 | Vaults:2 | 33008 ||| FLEEEEING.
 33014 | Vaults:2 | 33014 ||| FLEEEEING.
 33016 | Vaults:2 | 33016 ||| FLEEEEING.
 33017 | Vaults:2 | 33017 ||| FLEEEEING.
 33018 | Vaults:2 | 33018 ||| FLEEEEING.
 33021 | Vaults:2 | 33021 ||| FLEEEEING.
 33022 | Vaults:2 | 33022 ||| FLEEEEING.
 33023 | Vaults:2 | 33023 ||| FLEEEEING.
 33024 | Vaults:2 | 33024 ||| FLEEEEING.
 33025 | Vaults:2 | 33025 ||| FLEEEEING.
 33026 | Vaults:2 | 33026 ||| FLEEEEING.
 33027 | Vaults:2 | 33027 ||| FLEEEEING.
 33028 | Vaults:2 | 33028 ||| FLEEEEING.
 33029 | Vaults:2 | 33029 ||| FLEEEEING.
 33030 | Vaults:2 | 33030 ||| FLEEEEING.
 33031 | Vaults:2 | 33031 ||| FLEEEEING.
 33032 | Vaults:2 | 33032 ||| FLEEEEING.
 33033 | Vaults:2 | 33033 ||| FLEEEEING.
 33034 | Vaults:2 | 33034 ||| FLEEEEING.
 33035 | Vaults:2 | 33035 ||| FLEEEEING.
 33036 | Vaults:2 | 33036 ||| FLEEEEING.
 33037 | Vaults:2 | 33037 ||| FLEEEEING.
 33038 | Vaults:2 | 33038 ||| FLEEEEING.
 33039 | Vaults:2 | 33039 ||| FLEEEEING.
 33040 | Vaults:2 | 33040 ||| FLEEEEING.
 33041 | Vaults:2 | 33041 ||| FLEEEEING.
 33042 | Vaults:2 | 33042 ||| FLEEEEING.
 33043 | Vaults:2 | 33043 ||| FLEEEEING.
 33273 | Vaults:2 | 33273 ||| FLEEEEING.
 33274 | Vaults:2 | 33274 ||| FLEEEEING.
 33354 | Vaults:2 | 33354 ||| RETREEEEATING.
 33355 | Vaults:2 | 33355 ||| RETREEEEATING.
 33356 | Vaults:2 | 33356 ||| RETREEEEATING.
 33359 | Vaults:2 | 33359 ||| RETREEEEATING.
 33360 | Vaults:2 | 33360 ||| RETREEEEATING.
 33362 | Vaults:2 | 33362 ||| RETREEEEATING.
 33369 | Vaults:2 | 33369 ||| RETREEEEATING.
 33370 | Vaults:2 | 33370 ||| RETREEEEATING.
 33371 | Vaults:2 | 33371 ||| RETREEEEATING.
 33373 | Vaults:2 | 33373 ||| RETREEEEATING.
 33585 | Vaults:3 | 33585 ||| RETREEEEATING.
 33587 | Vaults:3 | 33587 ||| RETREEEEATING.
 33588 | Vaults:3 | 33588 ||| RETREEEEATING.
 33589 | Vaults:3 | 33589 ||| RETREEEEATING.
 33591 | Vaults:3 | 33591 ||| RETREEEEATING.
 33594 | Vaults:3 | Received a gift from Okawaru
 33606 | Vaults:3 | 33606 ||| FLEEEEING.
 33607 | Vaults:3 | 33607 ||| FLEEEEING.
 33608 | Vaults:3 | 33608 ||| FLEEEEING.
 33610 | Vaults:3 | 33610 ||| FLEEEEING.
 33611 | Vaults:3 | 33611 ||| FLEEEEING.
 33612 | Vaults:3 | 33612 ||| FLEEEEING.
 33613 | Vaults:3 | 33613 ||| FLEEEEING.
 33614 | Vaults:3 | 33614 ||| FLEEEEING.
 33615 | Vaults:3 | 33615 ||| STAIRDANCE
 33619 | Vaults:2 | 33619 ||| STAIRDANCE
 33711 | Vaults:3 | Reached skill level 23 in Ranged Weapons
 33822 | Vaults:3 | 33822 ||| RETREEEEATING.
 33825 | Vaults:3 | 33825 ||| RETREEEEATING.
 33826 | Vaults:3 | 33826 ||| RETREEEEATING.
 33835 | Vaults:3 | 33835 ||| FLEEEEING.
 33972 | Vaults:3 | You are sucked into a shaft and drop 1 floor!
 34007 | Vaults:3 | Found a staircase to the Crypt.
 34008 | Vaults:3 | 34008 ||| RETREEEEATING.
 34115 | Vaults:3 | 34115 ||| INVOKING Finesse.
 34116 | Vaults:3 | 34116 ||| INVOKING Heroism.
 34159 | Vaults:3 | 34159 ||| RETREEEEATING.
 34162 | Vaults:3 | 34162 ||| RETREEEEATING.
 34163 | Vaults:3 | 34163 ||| RETREEEEATING.
 34164 | Vaults:3 | 34164 ||| RETREEEEATING.
 34169 | Vaults:3 | 34169 ||| RETREEEEATING.
 34183 | Vaults:3 | 34183 ||| INVOKING Finesse.
 34295 | Vaults:3 | 34295 ||| ZAPPING wand of light (15) at -1,2 (great orb of
                  | eyes; floor).
 34296 | Vaults:3 | 34296 ||| RETREEEEATING.
 34297 | Vaults:3 | 34297 ||| RETREEEEATING.
 34298 | Vaults:3 | 34298 ||| RETREEEEATING.
 34299 | Vaults:3 | 34299 ||| RETREEEEATING.
 34300 | Vaults:3 | 34300 ||| RETREEEEATING.
 34301 | Vaults:3 | 34301 ||| RETREEEEATING.
 34302 | Vaults:3 | 34302 ||| RETREEEEATING.
 34303 | Vaults:3 | 34303 ||| RETREEEEATING.
 34304 | Vaults:3 | 34304 ||| RETREEEEATING.
 34305 | Vaults:3 | 34305 ||| RETREEEEATING.
 34306 | Vaults:3 | 34306 ||| RETREEEEATING.
 34307 | Vaults:3 | 34307 ||| RETREEEEATING.
 34308 | Vaults:3 | 34308 ||| RETREEEEATING.
 34309 | Vaults:3 | 34309 ||| RETREEEEATING.
 34314 | Vaults:3 | 34314 ||| DRINKING 10 potions of curing.
 34314 | Vaults:3 | 34314 ||| (to cure confusion)
 34315 | Vaults:3 | 34315 ||| RETREEEEATING.
 34318 | Vaults:3 | 34318 ||| ZAPPING wand of light (14) at 2,1 (deep troll;
                  | open_door).
 34319 | Vaults:3 | 34319 ||| ZAPPING wand of light (13) at 2,1 (deep troll;
                  | open_door).
 34320 | Vaults:3 | 34320 ||| ZAPPING wand of light (12) at 2,1 (deep troll;
                  | open_door).
 34321 | Vaults:3 | 34321 ||| INVOKING Finesse.
 34323 | Vaults:3 | 34323 ||| ZAPPING wand of light (11) at 2,0 (deep troll;
                  | floor).
 34324 | Vaults:3 | 34324 ||| ZAPPING wand of light (10) at 2,0 (deep troll;
                  | floor).
 34325 | Vaults:3 | 34325 ||| ZAPPING wand of light (9) at 2,0 (deep troll;
                  | floor).
 34326 | Vaults:3 | 34326 ||| ZAPPING wand of light (8) at 2,0 (deep troll;
                  | floor).
 34327 | Vaults:3 | 34327 ||| ZAPPING wand of light (7) at 2,0 (deep troll;
                  | floor).
 34328 | Vaults:3 | 34328 ||| ZAPPING wand of light (6) at 2,0 (deep troll;
                  | floor).
 34329 | Vaults:3 | 34329 ||| ZAPPING wand of light (5) at 2,0 (deep troll;
                  | floor).
 34330 | Vaults:3 | 34330 ||| ZAPPING wand of light (4) at 2,0 (deep troll;
                  | floor).
 34331 | Vaults:3 | 34331 ||| ZAPPING wand of light (3) at 2,0 (deep troll;
                  | floor).
 34332 | Vaults:3 | 34332 ||| INVOKING Heroism.
 34335 | Vaults:3 | 34335 ||| ZAPPING wand of light (2) at 2,1 (deep troll;
                  | open_door).
 34336 | Vaults:3 | 34336 ||| ZAPPING wand of light (1) at 2,1 (deep troll;
                  | open_door).
 34339 | Vaults:3 | Received a gift from Okawaru
 34451 | Vaults:3 | Reached skill level 24 in Ranged Weapons
 34481 | Vaults:3 | Noticed Saint Roka
 34482 | Vaults:3 | 34482 ||| INVOKING Finesse.
 34494 | Vaults:3 | Killed Saint Roka
 34494 | Vaults:3 | Received a gift from Okawaru
 34521 | Vaults:3 | 34521 ||| FLEEEEING.
 34712 | Vaults:3 | Identified the ring "Lahimmeo" {Fire rN+}
 34714 | Vaults:3 | 34714 ||| INVOKING Finesse.
 34754 | Vaults:3 | Reached XP level 21. HP: 109/148 MP: 28/28
 35103 | Vaults:3 | 35103 ||| FLEEEEING.
 35147 | Vaults:3 | Received a gift from Okawaru
 35148 | Vaults:3 | 35148 ||| FLEEEEING.
 35424 | Vaults:4 | 35424 ||| FLEEEEING.
 35431 | Vaults:4 | 35431 ||| STAIRDANCE
 35573 | Vaults:4 | 35573 ||| RETREEEEATING.
 35574 | Vaults:4 | 35574 ||| RETREEEEATING.
 35575 | Vaults:4 | 35575 ||| RETREEEEATING.
 35576 | Vaults:4 | 35576 ||| RETREEEEATING.
 35577 | Vaults:4 | 35577 ||| RETREEEEATING.
 35578 | Vaults:4 | 35578 ||| RETREEEEATING.
 35579 | Vaults:4 | 35579 ||| INVOKING Finesse.
 35590 | Vaults:4 | 35590 ||| DRINKING 9 potions of curing.
 35590 | Vaults:4 | 35590 ||| (to cure confusion)
 35591 | Vaults:4 | 35591 ||| RETREEEEATING.
 35594 | Vaults:4 | 35594 ||| RETREEEEATING.
 35602 | Vaults:4 | 35602 ||| RETREEEEATING.
 35603 | Vaults:4 | 35603 ||| RETREEEEATING.
 35604 | Vaults:4 | 35604 ||| RETREEEEATING.
 35605 | Vaults:4 | 35605 ||| INVOKING Finesse.
 35625 | Vaults:4 | Received a gift from Okawaru
 35632 | Vaults:4 | HP: 28/148 [vault warden/+0 halberd (15)]
 35633 | Vaults:4 | 35633 ||| READING 11 scrolls of teleportation.
 35634 | Vaults:4 | 35634 ||| DRINKING 5 potions of heal wounds.
 35635 | Vaults:4 | 35635 ||| DRINKING 4 potions of heal wounds.
 35907 | Vaults:4 | 35907 ||| RETREEEEATING.
 36026 | Vaults:4 | Reached skill level 15 in Dodging
 36193 | Vaults:4 | 36193 ||| RETREEEEATING.
 36334 | Vaults:4 | Found an opulent altar of Gozag.
 36336 | Vaults:4 | Found Gozag's Antique Weapon Shoppe.
 36338 | Vaults:4 | Found Gozag's Antique Weapon Emporium.
 36339 | Vaults:4 | Found Gozag's Antique Armour Shoppe.
 36377 | Vaults:4 | 36377 ||| BUYING pair of distressingly furry gloves (950
                  | gold).
 36377 | Vaults:4 | Bought a pair of distressingly furry gloves for 950 gold
                  | pieces
 36377 | Vaults:4 | Identified the +0 pair of gloves of Calculation {Str+3}
                  | (You bought it in a shop on level 4 of the Vaults)
 36672 | Vaults:4 | 36672 ||| FLEEEEING.
 37103 | Vaults:4 | 37103 ||| PLANNING SHOALS:4
 37103 | Vaults:4 | 37103 ||| DROPPING +1 robe of resistance.
 37104 | Vaults:4 | 37104 ||| DROPPING +0 pair of gloves of Calculation
                  | {Str+3}.
 37455 | Shoals:4 | Entered Level 4 of the Shoals
 37476 | Shoals:4 | 37476 ||| FLEEEEING.
 37477 | Shoals:4 | 37477 ||| FLEEEEING.
 37478 | Shoals:4 | 37478 ||| FLEEEEING.
 37481 | Shoals:4 | 37481 ||| STAIRDANCE
 37488 | Shoals:3 | 37488 ||| STAIRDANCE
 37619 | Shoals:4 | 37619 ||| STAIRDANCE
 37654 | Shoals:4 | 37654 ||| STAIRDANCE
 37663 | Shoals:4 | 37663 ||| STAIRDANCE
 37681 | Shoals:4 | Received a gift from Okawaru
 37687 | Shoals:4 | 37687 ||| STAIRDANCE
 37689 | Shoals:3 | 37689 ||| FLEEEEING.
 37694 | Shoals:3 | 37694 ||| STAIRDANCE
 37744 | Shoals:4 | 37744 ||| STAIRDANCE
 37753 | Shoals:3 | 37753 ||| FLEEEEING.
 37758 | Shoals:3 | 37758 ||| STAIRDANCE
 38008 | Shoals:4 | 38008 ||| STAIRDANCE
 38038 | Shoals:4 | 38038 ||| STAIRDANCE
 38040 | Shoals:3 | 38040 ||| FLEEEEING.
 38366 | Shoals:4 | 38366 ||| RETREEEEATING.
 38367 | Shoals:4 | 38367 ||| RETREEEEATING.
 38368 | Shoals:4 | 38368 ||| RETREEEEATING.
 38369 | Shoals:4 | 38369 ||| RETREEEEATING.
 38370 | Shoals:4 | 38370 ||| RETREEEEATING.
 38371 | Shoals:4 | 38371 ||| INVOKING Finesse.
 38439 | Shoals:4 | 38439 ||| FLEEEEING.
 38948 | Shoals:4 | Got a barnacled rune of Zot
 39010 | Shoals:4 | 39010 ||| PLANNING DEPTHS
 39010 | Shoals:4 | 39010 ||| DROPPING +1 leather armour of cold resistance.
 39011 | Shoals:4 | 39011 ||| READING 13 scrolls of identify.
 39011 | Shoals:4 | 39011 ||| IDENTIFYING bubbling blue potion
 39012 | Shoals:4 | 39012 ||| DROPPING potion of invisibility.
 39323 | Depths:1 | Entered Level 1 of the Depths
 39376 | Depths:1 | Found the +3 salamander hide armour {Flames, rFlCloud rF++
                  | rC--}
 39430 | Depths:1 | 39430 ||| FLEEEEING.
 39568 | Depths:1 | 39568 ||| INVOKING Finesse.
 39608 | Depths:1 | 39608 ||| RETREEEEATING.
 39611 | Depths:1 | 39611 ||| RETREEEEATING.
 39612 | Depths:1 | 39612 ||| RETREEEEATING.
 39613 | Depths:1 | 39613 ||| RETREEEEATING.
 39614 | Depths:1 | 39614 ||| RETREEEEATING.
 39615 | Depths:1 | 39615 ||| RETREEEEATING.
 39618 | Depths:1 | 39618 ||| RETREEEEATING.
 39619 | Depths:1 | 39619 ||| RETREEEEATING.
 39620 | Depths:1 | 39620 ||| INVOKING Finesse.
 39636 | Depths:1 | 39636 ||| INVOKING Heroism.
 39736 | Depths:1 | 39736 ||| RETREEEEATING.
 39737 | Depths:1 | Received a gift from Okawaru
 39742 | Depths:1 | 39742 ||| INVOKING Finesse.
 39766 | Depths:1 | Reached XP level 22. HP: 148/156 MP: 27/29
 39771 | Depths:1 | 39771 ||| INVOKING Finesse.
 39837 | Depths:1 | 39837 ||| FLEEEEING.
 39838 | Depths:1 | 39838 ||| FLEEEEING.
 39839 | Depths:1 | 39839 ||| FLEEEEING.
 39840 | Depths:1 | 39840 ||| FLEEEEING.
 39841 | Depths:1 | 39841 ||| FLEEEEING.
 39842 | Depths:1 | 39842 ||| FLEEEEING.
 39843 | Depths:1 | 39843 ||| FLEEEEING.
 39844 | Depths:1 | 39844 ||| FLEEEEING.
 39845 | Depths:1 | 39845 ||| FLEEEEING.
 39846 | Depths:1 | 39846 ||| FLEEEEING.
 39849 | Depths:1 | 39849 ||| FLEEEEING.
 39850 | Depths:1 | 39850 ||| FLEEEEING.
 39962 | Depths:1 | 39962 ||| INVOKING Finesse.
 40006 | Depths:1 | Found the +8 Vampire's Tooth {megavamp}
 40038 | Depths:1 | 40038 ||| RETREEEEATING.
 40039 | Depths:1 | 40039 ||| RETREEEEATING.
 40041 | Depths:1 | 40041 ||| RETREEEEATING.
 40042 | Depths:1 | 40042 ||| RETREEEEATING.
 40043 | Depths:1 | 40043 ||| RETREEEEATING.
 40045 | Depths:1 | 40045 ||| RETREEEEATING.
 40046 | Depths:1 | 40046 ||| RETREEEEATING.
 40047 | Depths:1 | 40047 ||| RETREEEEATING.
 40048 | Depths:1 | 40048 ||| RETREEEEATING.
 40049 | Depths:1 | 40049 ||| RETREEEEATING.
 40050 | Depths:1 | 40050 ||| RETREEEEATING.
 40051 | Depths:1 | 40051 ||| RETREEEEATING.
 40052 | Depths:1 | 40052 ||| RETREEEEATING.
 40053 | Depths:1 | 40053 ||| RETREEEEATING.
 40055 | Depths:1 | 40055 ||| RETREEEEATING.
 40056 | Depths:1 | 40056 ||| RETREEEEATING.
 40057 | Depths:1 | 40057 ||| RETREEEEATING.
 40058 | Depths:1 | 40058 ||| RETREEEEATING.
 40059 | Depths:1 | 40059 ||| RETREEEEATING.
 40060 | Depths:1 | 40060 ||| RETREEEEATING.
 40064 | Depths:1 | 40064 ||| INVOKING Finesse.
 40153 | Depths:1 | Found a one-way gate leading to the halls of Pandemonium.
 40217 | Depths:1 | Found a sacrificial altar of Ru.
 40351 | Depths:1 | Found a gateway to Hell.
 40521 | Depths:1 | 40521 ||| DROPPING ring of protection from fire.
 40577 | Depths:2 | 40577 ||| FLEEEEING.
 40578 | Depths:2 | 40578 ||| FLEEEEING.
 40770 | Depths:2 | Noticed Boris
 40771 | Depths:2 | 40771 ||| FLEEEEING.
 40774 | Depths:2 | 40774 ||| INVOKING Finesse.
 40779 | Depths:2 | Killed Boris
 40822 | Depths:2 | Found a one-way gateway to a ziggurat.
 40829 | Depths:2 | 40829 ||| RETREEEEATING.
 40841 | Depths:2 | Received a gift from Okawaru
 40957 | Depths:2 | Noticed Nikola
 40960 | Depths:2 | 40960 ||| FLEEEEING.
 40961 | Depths:2 | 40961 ||| FLEEEEING.
 40963 | Depths:2 | 40963 ||| FLEEEEING.
 40964 | Depths:2 | 40964 ||| FLEEEEING.
 40965 | Depths:2 | 40965 ||| FLEEEEING.
 40983 | Depths:2 | 40983 ||| FLEEEEING.
 40984 | Depths:2 | 40984 ||| FLEEEEING.
 40985 | Depths:2 | 40985 ||| FLEEEEING.
 40986 | Depths:2 | 40986 ||| FLEEEEING.
 40987 | Depths:2 | 40987 ||| FLEEEEING.
 40988 | Depths:2 | 40988 ||| FLEEEEING.
 40989 | Depths:2 | 40989 ||| FLEEEEING.
 40990 | Depths:2 | 40990 ||| FLEEEEING.
 40991 | Depths:2 | 40991 ||| FLEEEEING.
 40992 | Depths:2 | 40992 ||| FLEEEEING.
 40993 | Depths:2 | 40993 ||| FLEEEEING.
 40994 | Depths:2 | 40994 ||| FLEEEEING.
 40995 | Depths:2 | 40995 ||| FLEEEEING.
 41010 | Depths:2 | 41010 ||| INVOKING Finesse.
 41020 | Depths:2 | Killed Nikola
 41022 | Depths:2 | 41022 ||| FLEEEEING.
 41023 | Depths:2 | 41023 ||| FLEEEEING.
 41024 | Depths:2 | 41024 ||| STAIRDANCE
 41202 | Depths:2 | 41202 ||| STAIRDANCE
 41297 | Depths:2 | 41297 ||| INVOKING Finesse.
 41476 | Depths:2 | HP: 29/156 [burnt (24)]
 41477 | Depths:2 | 41477 ||| READING 12 scrolls of teleportation.
 41478 | Depths:2 | 41478 ||| DRINKING 5 potions of heal wounds.
 41479 | Depths:2 | 41479 ||| DRINKING 4 potions of heal wounds.
 41480 | Depths:2 | 41480 ||| DRINKING 3 potions of heal wounds.
 41481 | Depths:2 | HP: 20/156 [lich/bolt of cold (21)]
 41482 | Depths:2 | 41482 ||| READING 11 scrolls of teleportation.
 41483 | Depths:2 | 41483 ||| DRINKING 2 potions of heal wounds.
 41484 | Depths:2 | 41484 ||| DRINKING potion of heal wounds.
 41485 | Depths:2 | 41485 ||| RETREEEEATING.
 41485 | Depths:2 | HP: 4/156 [lich/bolt of cold (17)]
 41485 | Depths:2 | Hit by a large rock thrown by a stone giant

Levels and vault maps discovered:
D:1:      minmay_arrival_glassed_features, layout_basic
D:2:      layout_loops_cross
D:3:      minmay_octagon_keep, layout_basic, uniq_terence
D:4:      layout_basic, mainiacjoe_overflow_large_starburst,
          cheibrodos_sewer_entry_sluice, nicolae_ossuary_entry_catacombs,
          kennysheep_small_spiral, minmay_misc_feat_pillars, uniq_menkaure
D:5:      layout_basic
D:6:      layout_loops_ring, gammafunk_ghost_icy, minmay_crystal_water,
          minmay_crossroads
D:7:      layout_basic, minmay_temple_entry_waves, serial_rivers,
          chequers_serial_rivers_small_a, chequers_serial_rivers_micro_c,
          chequers_serial_rivers_small_a, chequers_serial_rivers_micro_c,
          chequers_serial_rivers_micro_d, chequers_serial_rivers_room_a,
          reono_crystal_passage, uniq_duvessa, uniq_prince_ribbit1, uniq_pikel
D:8:      minmay_thinvault, layout_rooms, lemuel_crystal_altar, enter_bailey_6,
          serial_shops, nicolae_inconvenience_store, minmay_statues_item
D:9:      layout_long_grid, nicolae_wu_jian_glorious_leap
D:10:     layout_stronghold
D:11:     layout_gridville, grunt_lair_entry_orc_guard_hut,
          minmay_orc_entry_temple_small, palyth_stone_intersect,
          roderic_lattice_a, nrook_pool_corridor
D:12:     layout_basic, serial_co_window_serial, co_window_corner_a,
          co_window_of_opportunity_a, co_window_corner_a, co_window_paths_a,
          co_window_corner_a, co_window_paths_a, co_window_unsneaky_path_d,
          co_window_paths_c, co_window_broadway_b, co_window_broadway_a,
          co_window_of_opportunity_c, uniq_josephine
D:13:     layout_cave_pools, erik_vaults_1, nicolae_houndstooth_variations
D:14:     minmay_the_grid_octo_triangle [minmay_the_grid_octo_checkerflower,
          minmay_the_grid_octo_prize_square_snowflake,
          minmay_the_grid_octo_toaster], layout_loops_cross, enter_trove_3,
          dreamdust_wishing_well, gauntlet_entry_generic
D:15:     gammafunk_enter_depths_forms, layout_rooms, bloody_makhleb,
          serial_shops, nicolae_shop_tiny_real_fake_doors, uniq_louise
Temple:   dpeg_three_leaves_temple
Lair:1:   layout_roguey, nicolae_quartered_pool_medium, grunt_megastairs_1
Lair:2:   layout_hall_layers, uniq_sonja
Lair:3:   layout_hall_layers, shoals_dummy_entry, alex1729_snake_entry_snake,
          uniq_amaemon, uniq_nergalle, uniq_gastronok
Lair:4:   layout_misc_corridors, minmay_slime_entry_jelly_boxes, serial_rivers,
          chequers_serial_rivers_small_3, chequers_serial_rivers_room_a,
          chequers_serial_rivers_micro_d, chequers_serial_rivers_room_b,
          chequers_serial_rivers_marsh, grunt_megastairs_2
Lair:5:   hangedman_lair_caniforms_friends, layout_loops_ring,
          lemuel_centaur_altar
Shoals:1: layout_shoals, nicolae_shoals_the_drawing_of_the_three
Shoals:2: layout_shoals
Shoals:3: layout_shoals, nicolae_tricolors
Shoals:4: shoals_end_hangedman, layout_shoals
Snake:1:  layout_grid_maze, serial_shops, nicolae_shop_tiny_waterfront,
          nicolae_snake_storage_room, serial_bayou_shore_a
Snake:2:  layout_rooms, nicolae_snake_the_dead_are_slithering
Snake:3:  nicolae_snake_crotalidae_crossing, layout_onion, basic_altar,
          uniq_aizul
Snake:4:  johnstein_snake_rune_scales, layout_basic, st_stairs_7,
          lemuel_fruit_tree, minmay_shop_star
Orc:1:    layout_caves, nicolae_shop_clearance
Orc:2:    grunt_orc_gardens, layout_diamond_mine, grunt_orc_garden,
          grunt_orc_garden, grunt_orc_garden, grunt_orc_garden,
          nicolae_orc_quarried_blocks
Vaults:1: v_misc_24, v_misc_22, hangedman_vaults_slither, v_misc_33,
          nicolae_vaults_whirlpool_walls, nicolae_vaults_surprise_closet,
          vaults_room_pool, serial_ice_g, v_misc_18, vaults_room_door_hall,
          nicolae_vaults_storage_room_glass, hangedman_vaults_cutoff,
          layout_vaults_omnicross, serial_shops, nicolae_lakefront_shop
Vaults:2: nicolae_vaults_more_shelving_1, nicolae_vaults_quartermaster,
          nicolae_vaults_trapezoid_1, ontoclasm_vaults_ring_square,
          nicolae_vaults_cochlea, nicolae_vaults_six-pack, v_misc_32,
          nicolae_vaults_diagonal_hallway_8, nicolae_vaults_two_Ls,
          ontoclasm_vaults_decontamination, layout_vaults_quadrants,
          serial_shops, bzr_entry_gold
Vaults:3: nicolae_vaults_wrenched, nicolae_vaults_closet_pinwheel_6, v_rooms_3,
          nicolae_vaults_tangent_ellipses, nicolae_vaults_network_s,
          nicolae_vaults_surprise_closet, hangedman_vaults_restitches,
          vaults_room_semicircle, nicolae_vaults_little_squares_2,
          nicolae_vaults_tetromino_Z_2, ontoclasm_vaults_loading_screen,
          vaults_mumra_lcd, layout_vaults_maze_snakey,
          minmay_crypt_entry_simple_statues, uniq_saint_roka
Vaults:4: kennysheep_vaults_gozag_temple, nicolae_vaults_octothorpe,
          grunt_vaults_hallway_long, vaults_room_grid,
          nicolae_vaults_little_squares_6, nicolae_vaults_yaktaur_gun_rack,
          vaults_room_corners, nicolae_vaults_apartment_2,
          nicolae_vaults_oval_intersection, v_misc_13,
          ontoclasm_vaults_shuriken, nicolae_vaults_surprise_closet,
          vaults_room_fours, layout_vaults_chaotic_city
Depths:1: layout_small_grid, serial_sigils, serial_sigils_hangedman_stare,
          serial_sigils_hangedman_gut, serial_sigils_hangedman_writhe,
          serial_sigils_hangedman_clutch, serial_sigils_hangedman_quiver,
          serial_sigils_hangedman_gut, nicolae_ru_path_of_blood,
          hangedman_tar_grid_catacomb, pan_entry,
          minmay_guarded_unrand_vampires_tooth
Depths:2: kennysheep_water_balloons, layout_gridlike, enter_ziggurat_e,
          grunt_mini_vestibule, roderic_roman_lattice, grunt_pan_entry_spiral,
          uniq_boris, uniq_nikola

Skill      XL: |  1  2  3  4  5  6  7  8  9 10 11 12 13 14 15 16 17 18 19 20 21 22 |
---------------+-------------------------------------------------------------------+-----
Ranged Weapons | 5 6 7 8 10 11 13 14 15 17 19 20 22 24 | 24.0
Armour         | 1 2 3 4 6 8 9 10 11 12 13 14 | 14.0
Fighting       | 3 4 5 6 7 8 9 10 11 13 14 16 18 20 21 22 | 22.0
Dodging        | 2 4 5 6 8 10 12 13 16 | 16.9
Invocations    | 2 5 8 10 | 10.0
Stealth        | |  1.1

Action                     |  1- 3 |  4- 6 |  7- 9 | 10-12 | 13-15 | 16-18 | 19-21 | 22-24 || total
---------------------------+-------+-------+-------+-------+-------+-------+-------+-------++-------
   Fire: Shortbow          |    63 |   151 |   264 |       |       |       |       |       ||   478
         Orcbow            |       |       |    59 |   368 |   105 |       |       |       ||   532
         Longbow           |       |       |       |       |   969 |  1505 |   100 |       ||  2574
         Hand cannon       |       |       |       |       |       |       |   948 |   162 ||  1110
 Invoke: Heroism           |       |       |       |     1 |     2 |     1 |     3 |       ||     7
         Finesse           |       |       |       |     7 |     8 |    13 |    19 |     6 ||    53
         Receive Weapon    |       |       |       |       |     1 |       |       |       ||     1
         Receive Armour    |       |       |       |       |     1 |       |       |       ||     1
  Evoke: Wand              |       |       |     1 |    13 |     6 |     2 |    15 |       ||    37
    Use: Scroll            |    10 |     3 |     8 |     5 |     4 |     4 |    11 |     2 ||    47
         Potion            |     3 |       |     1 |     2 |     1 |     3 |     7 |     5 ||    22
 Armour: Leather armour    |     4 |       |       |       |       |       |       |       ||     4
         Ring mail         |     9 |    71 |   146 |    73 |   442 |   297 |   556 |   110 ||  1704
         Acid dragon scale |       |       |       |    58 |       |       |       |       ||    58
  Dodge: Dodged            |    19 |    62 |   100 |   105 |   361 |   474 |  1037 |   158 ||  2316

Table legend:
 A = Non-vault XP
 B = Vault XP
 C = Vault XP percentage of total XP
 D = Non-vault monster count
 E = Vault monster count
 F = Vault count percentage of total count
                 A         B        C        D         E       F
            +---------+---------+-------+---------+---------+-------
      Total |  406735 |  237399 |  36.9 |     995 |     497 |  33.3
            +---------+---------+-------+---------+---------+-------
        D:1 |      10 |       0 |   0.0 |       6 |       0 |   0.0
        D:2 |      50 |       0 |   0.0 |      16 |       0 |   0.0
        D:3 |      96 |     139 |  59.1 |      33 |      17 |  34.0
        D:4 |     424 |     485 |  53.4 |      29 |       9 |  23.7
        D:5 |     591 |       0 |   0.0 |      22 |       0 |   0.0
        D:6 |     602 |     109 |  15.3 |      13 |       2 |  13.3
        D:7 |     643 |     966 |  60.0 |      10 |       3 |  23.1
        D:8 |     837 |    3398 |  80.2 |      19 |      17 |  47.2
        D:9 |     736 |       0 |   0.0 |      10 |       0 |   0.0
       D:10 |    3294 |       0 |   0.0 |      12 |       0 |   0.0
       D:11 |    3329 |    1408 |  29.7 |      18 |      17 |  48.6
       D:12 |    6104 |    1773 |  22.5 |      23 |       5 |  17.9
       D:13 |    5805 |    1654 |  22.2 |      12 |       2 |  14.3
       D:14 |   17888 |    7885 |  30.6 |      31 |      18 |  36.7
       D:15 |    9672 |    6409 |  39.9 |      23 |       9 |  28.1
     Lair:1 |    9569 |    1989 |  17.2 |      41 |       9 |  18.0
     Lair:2 |    3085 |     776 |  20.1 |      12 |       1 |   7.7
     Lair:3 |    9366 |    5700 |  37.8 |      43 |      12 |  21.8
     Lair:4 |   11905 |     547 |   4.4 |      26 |      13 |  33.3
     Lair:5 |   18615 |   11485 |  38.2 |      45 |      61 |  57.5
   Shoals:1 |    8071 |     473 |   5.5 |      16 |       2 |  11.1
   Shoals:2 |   15571 |       0 |   0.0 |      33 |       0 |   0.0
   Shoals:3 |    7225 |    4684 |  39.3 |      17 |       7 |  29.2
   Shoals:4 |   16069 |   12976 |  44.7 |      32 |      26 |  44.8
    Snake:1 |   20523 |   12624 |  38.1 |      40 |      23 |  36.5
    Snake:2 |   19418 |    4787 |  19.8 |      39 |      20 |  33.9
    Snake:3 |    8611 |   12732 |  59.7 |      17 |      18 |  51.4
    Snake:4 |   21742 |   24940 |  53.4 |      43 |      42 |  49.4
      Orc:1 |    2277 |       0 |   0.0 |      24 |       0 |   0.0
      Orc:2 |    2096 |    8618 |  80.4 |      34 |      23 |  40.4
   Vaults:1 |   22807 |   25005 |  52.3 |      32 |      33 |  50.8
   Vaults:2 |   38749 |   21359 |  35.5 |      55 |      27 |  32.9
   Vaults:3 |   37847 |   31721 |  45.6 |      53 |      38 |  41.8
   Vaults:4 |   29553 |   12760 |  30.2 |      41 |      16 |  28.1
   Depths:1 |   42372 |    7812 |  15.6 |      62 |       8 |  11.4
   Depths:2 |   11183 |   11827 |  51.4 |      13 |       9 |  40.9
      Sewer |       0 |     358 | 100.0 |       0 |      10 | 100.0
            +---------+---------+-------+---------+---------+-------
